 Dungeon Crawl Stone Soup version 0.31-a0-182-gc5ef74bbde (webtiles) character file.

Game seed: 6155272408406180316

2010736 qw the Slayer (level 27, 324/324 HPs)
             Began as a Naga Hunter on June 20, 2023.
             Was an Elder of Okawaru.
             Escaped with the Orb
             ... and 3 runes!
             The game lasted 00:25:29 (48375 turns).

qw the Slayer (Naga Hunter)                        Turns: 48375, Time: 00:25:29

Health: 324/324    AC: 33    Str: 17    XL:     27
Magic:  30/30      EV: 37    Int:  9    God:    Okawaru [****..]
Gold:   763        SH:  0    Dex: 36    Spells: 26/26 levels left

rFire   + + +        d - +9 triple crossbow "Dashrelo" {speed, rF++}
rCold   + . .        (shield currently unavailable)
rNeg    . . .        r - +2 ring mail of the Earth {Dex+4}
rPois   +            (helmet restricted)
rElec   .            x - scarf {rC+ rF+}
rCorr   .            y - +2 pair of gloves
SInv    +            g - +6 barding of the Solstice {Str+2}
Will    +++..        m - amulet of faith
Stlth   +            q - +5 ring of evasion
HPRegen 0.74/turn    B - +6 ring of dexterity
MPRegen 0.22/turn

%: faith
@: very slow
A: AC +9, large, see invisible, deformed body, poison resistance, slowness 2,
spit poison 1, naga tail 2, antennae 1, claws 1, dopey 1, robust 1, noise
suppression
0: Orb of Zot
}: 3/15 runes: serpentine, barnacled, silver
a: Spit Poison, Renounce Religion, Heroism, Finesse


You escaped.
You worshipped Okawaru.
Okawaru was greatly pleased with you.
You visited 8 branches of the dungeon, and saw 44 of its levels.
You visited the Abyss 1 time.
You visited 1 bazaar.

You collected 7140 gold pieces.
You spent 6377 gold pieces at shops.


Innate Abilities, Weirdness & Mutations

Your serpentine skin is tough. (AC +9)
You have supernaturally acute eyesight. (SInv)
Armour fits poorly on your strangely shaped body.
Your system is resistant to poisons. (rPois)
You cover ground very slowly.
You can spit poison.
You can use your snake-like lower body to constrict enemies.
You have a pair of small antennae on your head.
You have sharp fingernails.
You are dopey. (Int -2)
You are robust. (+10% HP)
You passively dampen the noise of your surroundings.


   Skills:
 + Level 26.5 Fighting
 - Level 22.0 Ranged Weapons
 - Level 15.0 Armour
 - Level 22.0 Dodging
 - Level 1.5 Stealth
 + Level 10.4 Invocations


You had 26 spell levels left.
You didn't know any spells.
Your spell library was empty.

Inventory:

Hand Weapons
 d - the +9 triple crossbow "Dashrelo" (weapon) {speed, rF++}
   (Okawaru gifted it to you on level 1 of the Realm of Zot)

   rF:        It greatly protects you from fire.
Armour
 b - the +3 leather armour of Tiorray {Harm Slay+3}
   (You bought it in a shop on level 2 of the Orcish Mines)

   Slay:      It affects your accuracy & damage with ranged weapons and melee
   (+3).
   Harm:      It increases damage dealt and taken.
 g - the +6 barding of the Solstice (worn) {Str+2}
   (Okawaru gifted it to you on level 5 of the Lair of Beasts)

   Str:       It affects your strength (+2).
 i - a +2 cloak
 p - a +2 leather armour of fire resistance
 r - the +2 ring mail of the Earth (worn) {Dex+4}
   (Okawaru gifted it to you on level 3 of the Vaults)

   Dex:       It affects your dexterity (+4).
 x - a scarf of resistance (worn)
 y - a +2 pair of gloves (worn)
Jewellery
 m - an amulet of faith (around neck)
 q - a +5 ring of evasion (left hand)
 B - a +6 ring of dexterity (right hand)
 C - the amulet of Vitality {RegenMP++ Regen++}
   (You bought it in a shop on level 1 of the Orcish Mines)

   [amulet of magic regeneration]

   It increases your rate of magic regeneration.
   Regen:     It increases your rate of health regeneration.
 Y - the ring of Past Mistakes {Drain rPois rF++ rN+}
   (You found it on level 5 of the Vaults)

   [ring of positive energy]

   rF:        It greatly protects you from fire.
   rPois:     It protects you from poison.
   rN:        It protects you from negative energy.
   Drain:     It drains your maximum health when unequipped.
Wands
 v - a wand of digging (9)
Scrolls
 a - 2 scrolls of identify
 f - 19 scrolls of teleportation
 l - 7 scrolls of enchant armour
 n - 3 scrolls of enchant weapon
 t - 5 scrolls of brand weapon
Potions
 c - 3 potions of cancellation
 h - 5 potions of haste
 j - 11 potions of mutation
 k - 24 potions of curing
 o - 3 potions of magic
 u - 13 potions of might
 A - 7 potions of enlightenment

Dungeon Overview and Level Annotations

Branches:
Dungeon (15/15)            Temple (0/1) D:5            Lair (5/5) D:8
 Shoals (4/4) Lair:3        Snake (4/4) Lair:2        Slime (0/5) Lair:5
    Orc (2/2) D:12            Elf (0/3) Orc:2        Vaults (5/5) D:14
  Crypt (0/3) Vaults:2     Depths (4/4) D:15            Zot (5/5) Depths:4

Altars:
Ashenzari
Cheibriados
Dithmenos
Elyvilon
Kikubaaqudgha
Makhleb
Nemelex Xobeh
Okawaru
Qazlal
Ru
Sif Muna
Uskayaw
Vehumet
Xom
Yredelemnul
Zin
The Shining One

Shops:
Orc:1 ==?   Orc:2 *!:[   Shoals:1 [   Snake:3 !   Vaults:1 [   Vaults:3 !?*(
Vaults:5 *=!   Depths:1 *

Portals:
Hell: Lair:5 Depths:1 Depths:2 Depths:3 Depths:4
Abyss: Depths:1 Depths:3 Depths:4
Pandemonium: Orc:2 Depths:2
Ziggurat: Depths:2

Annotations:
D:5 1 runed translucent door, Crazy Yiuf
D:8 1 runed translucent door, qw's ghost, novice NaHu
D:10 1 runed translucent door, qw's ghost, novice GrFi
Lair:5 1 runed translucent door
Zot:2 1 runed translucent door, qw's ghost, veteran GrFi


Message History

You shoot a bolt. The bolt hits the smoke demon!!!
You kill the smoke demon!
Okawaru accepts your kill.
(D) Dungeon (T) Temple (L) Lair (A) Shoals (P) Snake Pit (M) Slime Pits (O) Orcish Mines (E) Elven Halls (V) Vaults (C) Crypt (U) Depths (H) Hell (Z) Zot
Where to? (* - list waypoints, Enter - D:1 @ (x,y), ? - help)
What level of the Dungeon? (default 1, ? - help)
There is a stone staircase leading up here.
You climb upwards.
There is a stone staircase leading down here.
There is a stone staircase leading up here.
You climb upwards.
There is a stone staircase leading down here.
There is a stone staircase leading up here.
You climb upwards.
There is a stone staircase leading down here.
HP restored.
Things that are here:
5 stones; a +0 short sword of flaming You open the door.
There is an open door here.
There is a staircase leading out of the dungeon here.
Enter note:
Enter note:
Enter note:
Enter note:
Enter note:
Enter note:
Enter note:
Enter note:
(D) Dungeon (T) Temple (L) Lair (A) Shoals (P) Snake Pit (M) Slime Pits (O) Orcish Mines (E) Elven Halls (V) Vaults (C) Crypt (U) Depths (H) Hell (Z) Zot
Where to? (* - list waypoints, Enter - D:1 @ (x,y), ? - help)
What level of the Dungeon? (default 1, ? - help) You're already here!
You have escaped!

......#.# #.#####
#.#.#.#.# #.# #.#...#.#
#.# #.#...#.# #.#
#.#...#.###### #.#
#.#.[.......># #.#
........####.####.#
#.##..### #...####
#.##..# ######@######
..##..#####........[..#
#.##......#'####'####+#
#.##..###.............#
..##.(# ###############
#.##..# #.##..# .....)#
......#


There were no monsters in sight!

Vanquished Creatures
  A dread lich (Zot:5)
  3 orbs of fire (Zot:5)
  6 ancient liches
  2 juggernauts
  6 Killer Klowns (Zot:5)
  Saint Roka (Vaults:5)
  14 golden dragons
  3 electric golems
  Zenata (Vaults:2)
  A hellephant (Abyss:4)
  Jorgrun (Orc:1)
  2 Brimstone Fiends
  26 Orb Guardians
  3 liches
  A shard shrike skeleton (Abyss:4)
  10 tentacled monstrosities
  A walking divine tome (Depths:3)
  A walking frostbound tome (Depths:3)
  10 quicksilver dragons
  5 titans
  A kraken (Shoals:4)
  5 death cobs
  4 sphinxes
  Gastronok (Lair:2)
  An Executioner (Zot:5)
  2 tentacled starspawn (Abyss:4)
  5 tengu reavers
  12 shadow dragons
  12 nagarajas
  8 storm dragons
  21 draconian monks
  Roxanne (Snake:3)
  9 fire giants
  3 deep elf sorcerers
  2 pandemonium lords
  8 frost giants
  8 draconian knights
  2 iron dragons
  A ghost moth (Zot:1)
  15 vault wardens
  8 draconian scorchers
  An iron dragon (shapeshifter) (Vaults:1)
  Aizul (Snake:1)
  7 draconian shifters
  Louise (Depths:4)
  2 orc warlords
  11 draconian stormcallers
  14 stone giants
  10 draconian annihilators
  16 ironbound preservers
  A spriggan defender (Depths:3)
  18 very ugly things
  5 war gargoyles
  8 ironbound thunderhulks
  18 green draconians
  2 demonspawn black suns (Zot:5)
  A lorocyproca (D:15)
  9 yellow draconians
  18 red draconians
  24 black draconians
  17 white draconians
  12 dire elephants
  25 purple draconians
  A deep elf annihilator (Vaults:5)
  10 spark wasps
  7 ettins
  4 merfolk javelineers (Shoals:4)
  A blizzard demon (Depths:2)
  A crystal guardian (Vaults:2)
  7 merfolk impalers
  Josephine (Orc:1)
  12 yaktaur captains
  A deep elf death mage (Vaults:5)
  11 fire dragons
  A deep elf high priest (Vaults:5)
  An entropy weaver (Vaults:4)
  2 rakshasas
  10 ice dragons
  32 vault guards
  3 spriggan air magi
  4 hydras
  6 great orbs of eyes
  3 peacekeepers
  3 salamander tyrants
  2 catoblepae
  2 hell beasts (Depths:4)
  2 ogre magi
  11 anacondas
  2 merfolk avatars (Shoals:4)
  A demonspawn (Orc:2)
  7 ironbound frosthearts
  11 two-headed ogres
  5 satyrs
  5 boulder beetles
  9 death yaks
  2 alligator snapping turtles
  4 dancing weapons (Zot:1)
  13 centaur warriors
  8 merfolk aquamancers
  4 deep troll earth magi
  2 tengu warriors (D:15)
  A death knight (D:14)
  14 deep troll shamans
  A demonic crawler (Depths:2)
  8 thrashing horrors (Abyss:4)
  A vampire mage (Depths:3)
  6 orc high priests (Orc:2)
  5 hell knights
  2 soul eaters
  Sonja (Orc:1)
  23 naga warriors
  3 spriggan berserkers
  7 naga sharpshooters
  5 shock serpents
  12 sun demons
  4 salamander mystics
  4 death drakes (Depths:4)
  4 skysharks
  5 iron trolls
  A deep troll (shapeshifter) (Vaults:3)
  An orb spider (Zot:2)
  A sea snake (shapeshifter) (Vaults:5)
  2 glowing orange brains
  5 naga ritualists
  36 deep trolls
  15 sea snakes
  17 ironbound convokers
  A flayed ghost (Depths:2)
  17 wizards
  3 phantasmal warriors
  16 orc knights
  12 lindwurms
  4 starcursed masses (Abyss:4)
  7 necromancers
  7 mana vipers
  20 harpies
  A deep elf zephyrmancer (D:15)
  34 ugly things
  A stone giant zombie (Vaults:1)
  2 manticores (shapeshifter)
  An oklob plant (Lair:5)
  8 orc sorcerers
  A shining eye (shapeshifter) (Depths:2)
  10 manticores
  A salamander (shapeshifter) (Vaults:5)
  24 moths of wrath
  18 salamanders
  16 fauns
  23 cyclopes
  4 elephants (Lair:5)
  40 black mambas
  12 vault sentinels
  19 naga magi
  2 centaur zombies (D:15)
  5 water nymphs
  4 merfolk sirens
  3 smoke demons
  15 cane toads
  3 orange demons (Lair:5)
  3 guardian serpents
  A centaur skeleton (D:15)
  4 eyes of devastation (Depths:4)
  Maggie (Lair:2)
  A torpor snail (Lair:3)
  5 gargoyles
  An unseen horror (Depths:1)
  12 komodo dragons
  4 rime drakes
  2 freezing wraiths
  3 efreet
  32 yaktaurs
  2 tormentors
  7 ice devils
  4 tengu conjurers
  4 ancient zymes (Abyss:4)
  8 trolls
  2 hellwings
  3 red devils
  A polar bear (Lair:4)
  A queen bee (Lair:2)
  26 merfolk
  A tarantella (Zot:2)
  5 wind drakes
  4 hornets
  14 blink frogs
  18 dream sheep
  5 snapping turtles
  11 small abominations
  55 slime creatures
  A centaur simulacrum (D:14)
  A spriggan (Depths:3)
  4 jumping spiders
  A shadow (D:11)
  15 water elementals
  18 humans (D:14)
  4 fire bats (Depths:4)
  4 wyverns
  10 wraiths
  3 ynoxinuls
  5 basilisks
  48 yaks
  5 chaos spawn
  7 neqoxecs
  2 redbacks (Vaults:4)
  3 steam dragons
  5 wargs
  Menkaure (D:5)
  12 vampire mosquitoes
  50 nagas
  14 large abominations
  4 hell hounds (Lair:5)
  19 water moccasins
  A floating eye (shapeshifter) (Vaults:5)
  5 ice beasts
  Duvessa (D:5)
  A black bear (D:4)
  43 orc warriors
  5 ogres
  3 sky beasts (D:11)
  11 wolves
  9 centaurs
  2 kobold brigands
  2 human zombies (Vaults:1)
  8 scorpions
  11 bullfrogs
  Dowan (D:5)
  33 killer bees
  3 electric eels
  2 crimson imps (Abyss:4)
  3 howler monkeys
  2 sleepcaps
  A gnoll bouda (D:7)
  35 orc priests
  2 iguanas
  Jessica (D:2)
  27 orc wizards
  10 gnolls
  8 adders
  A white imp (D:8)
  2 worms (D:2)
  A dart slug (D:4)
  99 orcs
  6 ball pythons
  4 bats
  6 endoplasms
  4 giant cockroaches
  7 goblins
  13 hobgoblins
  3 quokkas
  4 frilled lizards
  22 kobolds
  6 rats
  A starspawn tentacle (Abyss:4)
  A tentacle (Shoals:4)
2063 creatures vanquished.

Vanquished Creatures (others)
  An eldritch tentacle (Zot:2)
  A draconian knight (Zot:3)
  A nagaraja (Depths:1)
  A draconian stormcaller (Zot:3)
  A yellow draconian (Zot:1)
  A sea snake (Depths:1)
  A guardian serpent (Depths:1)
  A naga mage (Depths:1)
  A large abomination (Abyss:4)
  A lurking horror (Abyss:4)
  A starspawn tentacle (Abyss:4)
  3 tentacles (Shoals:4)
14 creatures vanquished.

Grand Total: 2077 creatures vanquished

Notes
Turn   | Place    | Note
-------+----------+-------------------------------------------
     0 | D:1      | qw the Naga Hunter began the quest for the Orb.
     0 | D:1      | Reached XP level 1. HP: 19/19 MP: 1/1
     0 | D:1      | 0 ||| qw: Version: 0.3-a-9-g12657ce
     0 | D:1      | 0 ||| qw: Game counter: 1198
     0 | D:1      | 0 ||| qw: Always use a shield: true
     0 | D:1      | 0 ||| qw: God list: Okawaru
     0 | D:1      | 0 ||| qw: Allow faded altars: false
     0 | D:1      | 0 ||| qw: Do Orc after D:15 true
     0 | D:1      | 0 ||| qw: Do second Lair branch before Depths: true
     0 | D:1      | 0 ||| qw: Lair rune preference: random
     0 | D:1      | 0 ||| qw: Plans: Normal
     0 | D:1      | 0 ||| PLANNING D:1-11
    27 | D:1      | 27 ||| INVOKING Spit Poison.
    52 | D:1      | 52 ||| INVOKING Spit Poison.
    57 | D:1      | 57 ||| INVOKING Spit Poison.
    62 | D:1      | 62 ||| INVOKING Spit Poison.
   105 | D:1      | 105 ||| INVOKING Spit Poison.
   194 | D:1      | Reached XP level 2. HP: 26/26 MP: 2/2
   197 | D:1      | 197 ||| INVOKING Spit Poison.
   205 | D:1      | 205 ||| INVOKING Spit Poison.
   242 | D:1      | 242 ||| INVOKING Spit Poison.
   273 | D:1      | 273 ||| INVOKING Spit Poison.
   293 | D:1      | 293 ||| INVOKING Spit Poison.
   414 | D:1      | 414 ||| INVOKING Spit Poison.
   443 | D:1      | 443 ||| INVOKING Spit Poison.
   463 | D:1      | 463 ||| INVOKING Spit Poison.
   481 | D:1      | 481 ||| INVOKING Spit Poison.
   584 | D:1      | 584 ||| INVOKING Spit Poison.
   585 | D:1      | Reached XP level 3. HP: 32/32 MP: 3/3
   652 | D:1      | 652 ||| DROPPING amulet of magic regeneration.
   653 | D:1      | 653 ||| UPGRADING to +6 ring of dexterity.
   654 | D:1      | 654 ||| UPGRADING to ring of protection from cold.
   655 | D:1      | 655 ||| READING 2 scrolls labelled SODIFEO YHEISO.
   656 | D:1      | 656 ||| READING scroll labelled YHICITH IPYMA.
   657 | D:1      | 657 ||| READING scroll labelled RUSOGO OKECU.
   657 | D:1      | Identified a scroll of acquirement
   657 | D:1      | 657 ||| ACQUIRING +6 arbalest "Damnation" {damnation}
   657 | D:1      | Acquired the +6 arbalest "Damnation" {damnation}
   657 | D:1      | Found the +6 arbalest "Damnation" {damnation}
   659 | D:1      | 659 ||| SWAPPING to +6 arbalest "Damnation" {damnation}.
   660 | D:1      | 660 ||| DROPPING +0 shortbow.
   661 | D:1      | 661 ||| DRINKING 2 pink potions.
   661 | D:1      | Gained mutation: You have a somewhat thin skeletal
                  | structure. (Dex +2, Stealth+) [potion of mutation]
   661 | D:1      | Gained mutation: You do not regenerate when monsters are
                  | visible. [potion of mutation]
   661 | D:1      | Gained mutation: You are robust. (+10% HP) [potion of
                  | mutation]
   671 | D:1      | 671 ||| DRINKING potion of mutation.
   671 | D:1      | Lost mutation: You do not regenerate when monsters are
                  | visible. [potion of mutation]
   671 | D:1      | Lost mutation: You have a somewhat thin skeletal structure.
                  | (Dex +2, Stealth+) [potion of mutation]
   671 | D:1      | Gained mutation: You passively dampen the noise of your
                  | surroundings. [potion of mutation]
   671 | D:1      | Gained mutation: You have sharp fingernails. [potion of
                  | mutation]
   672 | D:1      | 672 ||| DROPPING scroll of butterflies.
   698 | D:2      | 698 ||| INVOKING Spit Poison.
   703 | D:2      | 703 ||| INVOKING Spit Poison.
   723 | D:2      | 723 ||| INVOKING Spit Poison.
   727 | D:2      | 727 ||| INVOKING Spit Poison.
   730 | D:2      | Reached XP level 4. HP: 37/42 MP: 4/4
   775 | D:2      | 775 ||| INVOKING Spit Poison.
   791 | D:2      | 791 ||| INVOKING Spit Poison.
   847 | D:2      | Noticed Jessica
   848 | D:2      | 848 ||| INVOKING Spit Poison.
   848 | D:2      | Killed Jessica
   882 | D:2      | 882 ||| INVOKING Spit Poison.
   889 | D:2      | 889 ||| INVOKING Spit Poison.
   894 | D:2      | Reached skill level 3 in Fighting
   924 | D:2      | 924 ||| INVOKING Spit Poison.
   925 | D:2      | Reached XP level 5. HP: 53/53 MP: 5/5
   978 | D:2      | 978 ||| INVOKING Spit Poison.
   990 | D:2      | 990 ||| INVOKING Spit Poison.
   993 | D:2      | 993 ||| INVOKING Spit Poison.
  1085 | D:2      | Found a burning altar of Makhleb.
  1168 | D:2      | 1168 ||| INVOKING Spit Poison.
  1191 | D:2      | 1191 ||| INVOKING Spit Poison.
  1198 | D:2      | 1198 ||| INVOKING Spit Poison.
  1220 | D:2      | 1220 ||| INVOKING Spit Poison.
  1228 | D:2      | 1228 ||| UPGRADING to +3 ring mail.
  1238 | D:2      | 1238 ||| DROPPING +0 leather armour.
  1239 | D:2      | 1239 ||| UPGRADING to +4 ring of protection.
  1241 | D:2      | 1241 ||| DROPPING ring of protection from cold.
  1242 | D:2      | 1242 ||| DRINKING 2 metallic coppery potions.
  1243 | D:2      | 1243 ||| DRINKING 2 clear potions.
  1278 | D:2      | 1278 ||| DROPPING potion of lignification.
  1325 | D:3      | Found a glowing silver altar of Zin.
  1409 | D:3      | 1409 ||| INVOKING Spit Poison.
  1426 | D:3      | 1426 ||| INVOKING Spit Poison.
  1488 | D:3      | 1488 ||| INVOKING Spit Poison.
  1507 | D:3      | Found a faded altar of an unknown god.
  1524 | D:3      | Identified the +8 dagger "Feim" {vamp, Str+4}
  1589 | D:3      | 1589 ||| INVOKING Spit Poison.
  1594 | D:3      | 1594 ||| INVOKING Spit Poison.
  1980 | D:3      | 1980 ||| UPGRADING to amulet of faith.
  1985 | D:3      | 1985 ||| READING scroll labelled BECI SUYMILAMP.
  1986 | D:3      | 1986 ||| READING scroll labelled TOCKOOT JEEZ.
  1987 | D:3      | 1987 ||| READING scroll labelled IRPHOE WASMIHI.
  2034 | D:4      | 2034 ||| INVOKING Spit Poison.
  2037 | D:4      | 2037 ||| INVOKING Spit Poison.
  2039 | D:4      | 2039 ||| Stepping ~*~*~tactically~*~*~ (outnumbered).
  2041 | D:4      | 2041 ||| INVOKING Spit Poison.
  2043 | D:4      | Reached XP level 6. HP: 60/61 MP: 6/6
  2090 | D:4      | 2090 ||| INVOKING Spit Poison.
  2093 | D:4      | Reached skill level 6 in Ranged Weapons
  2107 | D:4      | Noticed a black bear
  2109 | D:4      | 2109 ||| INVOKING Spit Poison.
  2110 | D:4      | Killed a black bear
  2111 | D:4      | Reached skill level 4 in Fighting
  2299 | D:4      | 2299 ||| INVOKING Spit Poison.
  2301 | D:4      | Reached skill level 1 in Armour
  2449 | D:4      | Reached XP level 7. HP: 70/70 MP: 7/7
  2504 | D:4      | 2504 ||| INVOKING Spit Poison.
  2519 | D:4      | 2519 ||| INVOKING Spit Poison.
  2528 | D:4      | 2528 ||| INVOKING Spit Poison.
  2554 | D:4      | 2554 ||| Stepping ~*~*~tactically~*~*~ (outnumbered).
  2555 | D:4      | 2555 ||| INVOKING Spit Poison.
  2559 | D:4      | Found an iron altar of Okawaru.
  2560 | D:4      | 2560 ||| PLANNING OKAWARU WORSHIP
  2560 | D:4      | 2560 ||| READING scroll labelled FEUCHE PIUPS.
  2561 | D:4      | 2561 ||| READING scroll labelled GOITUT VENUR.
  2566 | D:4      | 2566 ||| READING 2 scrolls of identify.
  2566 | D:4      | 2566 ||| IDENTIFYING murky yellow potion
  2567 | D:4      | 2567 ||| DROPPING potion of magic.
  2611 | D:4      | Became a worshipper of Warmaster Okawaru
  2612 | D:4      | 2612 ||| PLANNING D:1-11
  3166 | D:4      | 3166 ||| READING scroll labelled YDIKAEPS QYNTE.
  3167 | D:4      | 3167 ||| READING scroll labelled GYN OGIJISEUZA.
  3207 | D:5      | Entered Level 5 of the Dungeon
  3208 | D:5      | Noticed Menkaure
  3211 | D:5      | Killed Menkaure
  3212 | D:5      | 3212 ||| INVOKING Spit Poison.
  3215 | D:5      | 3215 ||| INVOKING Spit Poison.
  3218 | D:5      | 3218 ||| INVOKING Spit Poison.
  3267 | D:5      | Noticed Dowan
  3268 | D:5      | Killed Dowan
  3268 | D:5      | Noticed Duvessa
  3269 | D:5      | Killed Duvessa
  3269 | D:5      | Reached * piety under Okawaru
  3270 | D:5      | Reached XP level 8. HP: 79/79 MP: 8/8
  3284 | D:5      | 3284 ||| INVOKING Spit Poison.
  3289 | D:5      | Reached skill level 1 in Invocations
  3323 | D:5      | 3323 ||| INVOKING Spit Poison.
  3443 | D:5      | 3443 ||| READING 2 scrolls of acquirement.
  3443 | D:5      | 3443 ||| ACQUIRING 824 gold pieces
  3443 | D:5      | Acquired 824 gold pieces
  3445 | D:5      | 3445 ||| READING scroll of acquirement.
  3445 | D:5      | 3445 ||| ACQUIRING +1 barding of stealth
  3445 | D:5      | Acquired a +1 barding of stealth
  3447 | D:5      | 3447 ||| UPGRADING to +1 leather armour of willpower.
  3457 | D:5      | 3457 ||| UPGRADING to +1 barding of stealth.
  3470 | D:5      | Found a staircase to the Ecumenical Temple.
  3492 | D:5      | 3492 ||| INVOKING Heroism.
  3508 | D:5      | 3508 ||| Stepping ~*~*~tactically~*~*~ (outnumbered).
  3510 | D:5      | 3510 ||| INVOKING Spit Poison.
  3513 | D:5      | 3513 ||| INVOKING Spit Poison.
  3516 | D:5      | 3516 ||| INVOKING Spit Poison.
  3556 | D:5      | Found a runed translucent door.
  3557 | D:5      | Noticed Crazy Yiuf
  3597 | D:5      | 3597 ||| Stepping ~*~*~tactically~*~*~ (outnumbered).
  3599 | D:5      | 3599 ||| INVOKING Spit Poison.
  3827 | D:5      | 3827 ||| INVOKING Spit Poison.
  4064 | D:5      | 4064 ||| READING scroll labelled ESYENI CONUNE.
  4102 | D:6      | 4102 ||| INVOKING Spit Poison.
  4126 | D:6      | 4126 ||| INVOKING Spit Poison.
  4148 | D:6      | Reached skill level 3 in Dodging
  4148 | D:6      | Reached skill level 3 in Invocations
  4221 | D:6      | 4221 ||| INVOKING Spit Poison.
  4300 | D:6      | Reached skill level 5 in Fighting
  4301 | D:6      | Reached ** piety under Okawaru
  4308 | D:6      | Reached XP level 9. HP: 89/89 MP: 12/12
  4343 | D:6      | 4343 ||| INVOKING Spit Poison.
  4398 | D:6      | Found a hide-covered altar of Uskayaw.
  4509 | D:6      | 4509 ||| INVOKING Spit Poison.
  4511 | D:6      | Reached skill level 9 in Ranged Weapons
  4682 | D:7      | 4682 ||| INVOKING Heroism.
  4683 | D:7      | 4683 ||| INVOKING Spit Poison.
  4687 | D:7      | 4687 ||| INVOKING Spit Poison.
  4731 | D:7      | 4731 ||| INVOKING Spit Poison.
  4734 | D:7      | Reached skill level 6 in Fighting
  4734 | D:7      | 4734 ||| INVOKING Spit Poison.
  4870 | D:7      | Found a snail-covered altar of Cheibriados.
  4872 | D:7      | 4872 ||| READING scroll of enchant armour.
  4872 | D:7      | 4872 ||| ENCHANTING +1 barding of stealth.
  4899 | D:7      | Reached *** piety under Okawaru
  4928 | D:7      | Found a radiant altar of Vehumet.
  4979 | D:7      | Found a shimmering blue altar of Sif Muna.
  4982 | D:7      | Found a broken altar of Ashenzari.
  4983 | D:7      | 4983 ||| INVOKING Spit Poison.
  4984 | D:7      | 4984 ||| INVOKING Heroism.
  4986 | D:7      | 4986 ||| INVOKING Spit Poison.
  5034 | D:7      | Found a basalt altar of Yredelemnul.
  5052 | D:7      | 5052 ||| INVOKING Heroism.
  5053 | D:7      | 5053 ||| INVOKING Spit Poison.
  5190 | D:7      | 5190 ||| INVOKING Heroism.
  5191 | D:7      | 5191 ||| DROPPING ring of ice.
  5192 | D:7      | 5192 ||| READING scroll labelled DOIHIC ODIXETA.
  5192 | D:7      | Found a shimmering altar of Xom.
  5193 | D:7      | 5193 ||| DRINKING 2 inky potions.
  5194 | D:7      | 5194 ||| DROPPING potion of degeneration.
  5200 | D:7      | 5200 ||| INVOKING Spit Poison.
  5247 | D:7      | 5247 ||| INVOKING Spit Poison.
  5253 | D:7      | 5253 ||| INVOKING Spit Poison.
  5270 | D:7      | 5270 ||| INVOKING Spit Poison.
  5520 | D:8      | Found a glowing golden altar of the Shining One.
  5575 | D:8      | 5575 ||| INVOKING Spit Poison.
  5596 | D:8      | 5596 ||| INVOKING Spit Poison.
  5617 | D:8      | Noticed a two-headed ogre
  5618 | D:8      | 5618 ||| INVOKING Heroism.
  5621 | D:8      | 5621 ||| INVOKING Spit Poison.
  5622 | D:8      | Killed a two-headed ogre
  5622 | D:8      | Reached **** piety under Okawaru
  5623 | D:8      | Reached XP level 10. HP: 100/100 MP: 10/13
  5657 | D:8      | Found a runed translucent door.
  5687 | D:8      | 5687 ||| INVOKING Spit Poison.
  5692 | D:8      | 5692 ||| INVOKING Spit Poison.
  5719 | D:8      | Reached ***** piety under Okawaru
  5726 | D:8      | 5726 ||| READING scroll of acquirement.
  5726 | D:8      | 5726 ||| ACQUIRING 473 gold pieces
  5726 | D:8      | Acquired 473 gold pieces
  5736 | D:8      | Found a staircase to the Lair.
  5770 | D:8      | 5770 ||| INVOKING Spit Poison.
  5772 | D:8      | 5772 ||| INVOKING Heroism.
  5775 | D:8      | Reached skill level 7 in Fighting
  6180 | D:8      | Noticed qw's ghost (novice NaHu)
  6183 | D:8      | 6183 ||| PLANNING LAIR
  6212 | Lair:1   | Entered Level 1 of the Lair of Beasts
  6231 | Lair:1   | 6231 ||| INVOKING Spit Poison.
  6234 | Lair:1   | 6234 ||| INVOKING Spit Poison.
  6235 | Lair:1   | Reached skill level 6 in Invocations
  6239 | Lair:1   | Received a gift from Okawaru
  6240 | Lair:1   | 6240 ||| INVOKING Spit Poison.
  6339 | Lair:1   | Noticed a cane toad
  6340 | Lair:1   | 6340 ||| INVOKING Heroism.
  6342 | Lair:1   | Killed a cane toad
  6343 | Lair:1   | Noticed a black mamba
  6349 | Lair:1   | 6349 ||| INVOKING Spit Poison.
  6354 | Lair:1   | 6354 ||| INVOKING Spit Poison.
  6356 | Lair:1   | Killed a black mamba
  6357 | Lair:1   | Reached XP level 11. HP: 78/110 MP: 14/16
  6481 | Lair:1   | 6481 ||| INVOKING Spit Poison.
  6482 | Lair:1   | 6482 ||| INVOKING Heroism.
  6486 | Lair:1   | 6486 ||| INVOKING Spit Poison.
  6514 | Lair:1   | 6514 ||| INVOKING Spit Poison.
  6551 | Lair:1   | 6551 ||| INVOKING Heroism.
  6672 | Lair:1   | Noticed a catoblepas
  6673 | Lair:1   | 6673 ||| INVOKING Heroism.
  6674 | Lair:1   | 6674 ||| INVOKING Spit Poison.
  6677 | Lair:1   | Killed a catoblepas
  6681 | Lair:1   | Reached skill level 9 in Invocations
  6687 | Lair:1   | 6687 ||| INVOKING Spit Poison.
  6730 | Lair:1   | 6730 ||| INVOKING Heroism.
  6731 | Lair:1   | 6731 ||| INVOKING Spit Poison.
  6736 | Lair:1   | Reached skill level 8 in Fighting
  6736 | Lair:1   | 6736 ||| INVOKING Spit Poison.
  6739 | Lair:1   | 6739 ||| INVOKING Spit Poison.
  6744 | Lair:1   | 6744 ||| INVOKING Spit Poison.
  6814 | Lair:1   | 6814 ||| INVOKING Spit Poison.
  6978 | Lair:1   | 6978 ||| INVOKING Spit Poison.
  7181 | Lair:1   | 7181 ||| READING scroll labelled ALINUS ATSIDIM.
  7207 | Lair:2   | 7207 ||| INVOKING Heroism.
  7208 | Lair:2   | 7208 ||| INVOKING Spit Poison.
  7210 | Lair:2   | Noticed a skyshark
  7213 | Lair:2   | 7213 ||| INVOKING Spit Poison.
  7219 | Lair:2   | 7219 ||| INVOKING Spit Poison.
  7223 | Lair:2   | Killed a skyshark
  7225 | Lair:2   | 7225 ||| INVOKING Spit Poison.
  7226 | Lair:2   | 7226 ||| STAIRDANCE
  7229 | Lair:1   | Reached ****** piety under Okawaru
  7377 | Lair:2   | 7377 ||| INVOKING Spit Poison.
  7411 | Lair:2   | 7411 ||| INVOKING Spit Poison.
  7414 | Lair:2   | 7414 ||| INVOKING Heroism.
  7415 | Lair:2   | 7415 ||| INVOKING Spit Poison.
  7416 | Lair:2   | Received a gift from Okawaru
  7417 | Lair:2   | Reached skill level 12 in Ranged Weapons
  7418 | Lair:2   | Reached XP level 12. HP: 121/121 MP: 16/19
  7457 | Lair:2   | 7457 ||| INVOKING Heroism.
  7478 | Lair:2   | 7478 ||| INVOKING Heroism.
  7503 | Lair:2   | Noticed Maggie
  7510 | Lair:2   | Killed Maggie
  7587 | Lair:2   | Noticed a seven-headed hydra
  7588 | Lair:2   | 7588 ||| INVOKING Heroism.
  7590 | Lair:2   | Killed a seven-headed hydra
  7590 | Lair:2   | Received a gift from Okawaru
  7591 | Lair:2   | Reached skill level 9 in Fighting
  7607 | Lair:2   | Found a staircase to the Snake Pit.
  7660 | Lair:2   | Noticed Gastronok
  7661 | Lair:2   | 7661 ||| INVOKING Heroism.
  7667 | Lair:2   | Killed Gastronok
  7770 | Lair:2   | Reached skill level 6 in Dodging
  7909 | Lair:2   | Noticed a skyshark
  7913 | Lair:2   | Killed a skyshark
  7913 | Lair:2   | Identified the +0 ring mail of Vanity {Stlth+} (Okawaru
                  | gifted it to you on level 2 of the Lair of Beasts)
  7913 | Lair:2   | Received a gift from Okawaru
  8099 | Lair:2   | 8099 ||| UPGRADING to +2 hat.
  8104 | Lair:2   | 8104 ||| DROPPING +0 ring mail of Vanity {Stlth+}.
  8105 | Lair:2   | 8105 ||| READING 3 scrolls labelled IBLUIW WA POCAUL.
  8256 | Lair:2   | 8256 ||| DROPPING 2 scrolls of torment.
  8385 | Lair:3   | Identified the staff of the Boiling Point {Drain rElec
                  | rPois rN++ Stlth+ Air}
  8414 | Lair:3   | 8414 ||| FLEEEEING.
  8415 | Lair:3   | 8415 ||| FLEEEEING.
  8416 | Lair:3   | 8416 ||| FLEEEEING.
  8461 | Lair:3   | 8461 ||| INVOKING Heroism.
  8538 | Lair:3   | Gained mutation: You can use your snake-like lower body to
                  | constrict enemies. [Naga growth]
  8538 | Lair:3   | Reached XP level 13. HP: 133/133 MP: 20/20
  8592 | Lair:3   | 8592 ||| INVOKING Heroism.
  8807 | Lair:3   | Reached skill level 10 in Fighting
  8991 | Lair:3   | Found a staircase to the Shoals.
  9067 | Lair:3   | 9067 ||| DRINKING 2 ruby potions.
  9068 | Lair:3   | 9068 ||| DRINKING 2 fuming black potions.
  9069 | Lair:3   | 9069 ||| DRINKING 2 lumpy black potions.
  9070 | Lair:3   | 9070 ||| DROPPING potion of brilliance.
  9200 | Lair:4   | 9200 ||| INVOKING Heroism.
  9239 | Lair:4   | 9239 ||| INVOKING Heroism.
  9240 | Lair:4   | 9240 ||| INVOKING Finesse.
  9252 | Lair:4   | Identified the +2 kite shield of the Kettle-Drum {rN+ Will-
                  | Dex+2} (Okawaru gifted it to you on level 4 of the Lair of
                  | Beasts)
  9252 | Lair:4   | Received a gift from Okawaru
  9312 | Lair:4   | Reached skill level 15 in Ranged Weapons
  9444 | Lair:4   | Identified the +1 leather armour "Piazuj" {Regen+}
  9948 | Lair:4   | 9948 ||| DROPPING +3 ring mail.
  9949 | Lair:4   | 9949 ||| UPGRADING to +1 leather armour "Piazuj" {Regen+}.
  9959 | Lair:4   | 9959 ||| DROPPING +1 leather armour of willpower.
  9960 | Lair:4   | 9960 ||| DROPPING ring of positive energy.
  9961 | Lair:4   | 9961 ||| DRINKING 2 viscous blue potions.
  9971 | Lair:5   | Entered Level 5 of the Lair of Beasts
  9973 | Lair:5   | 9973 ||| FLEEEEING.
  9974 | Lair:5   | 9974 ||| STAIRDANCE
 10078 | Lair:5   | 10078 ||| INVOKING Heroism.
 10079 | Lair:5   | 10079 ||| INVOKING Finesse.
 10092 | Lair:5   | 10092 ||| STAIRDANCE
 10189 | Lair:5   | 10189 ||| STAIRDANCE
 10191 | Lair:4   | 10191 ||| INVOKING Heroism.
 10191 | Lair:4   | HP: 33/135 [black mamba (2)]
 10192 | Lair:4   | 10192 ||| READING 4 scrolls of teleportation.
 10194 | Lair:4   | 10194 ||| DRINKING potion of heal wounds.
 10284 | Lair:5   | 10284 ||| INVOKING Heroism.
 10285 | Lair:5   | Identified the +6 barding of the Solstice {Str+2} (Okawaru
                  | gifted it to you on level 5 of the Lair of Beasts)
 10285 | Lair:5   | Received a gift from Okawaru
 10334 | Lair:5   | 10334 ||| INVOKING Heroism.
 10335 | Lair:5   | 10335 ||| INVOKING Finesse.
 10340 | Lair:5   | Reached XP level 14. HP: 146/146 MP: 13/21
 10408 | Lair:5   | 10408 ||| INVOKING Heroism.
 10467 | Lair:5   | Found a runed translucent door.
 10472 | Lair:5   | Found a staircase to the Slime Pits.
 10546 | Lair:5   | Reached skill level 11 in Fighting
 10578 | Lair:5   | Found a burning altar of Makhleb.
 10579 | Lair:5   | 10579 ||| Stepping ~*~*~tactically~*~*~ (outnumbered).
 10581 | Lair:5   | 10581 ||| Stepping ~*~*~tactically~*~*~ (outnumbered).
 10583 | Lair:5   | 10583 ||| Stepping ~*~*~tactically~*~*~ (outnumbered).
 10585 | Lair:5   | 10585 ||| INVOKING Heroism.
 10586 | Lair:5   | 10586 ||| INVOKING Finesse.
 10587 | Lair:5   | 10587 ||| Stepping ~*~*~tactically~*~*~ (outnumbered).
 10621 | Lair:5   | 10621 ||| INVOKING Finesse.
 10673 | Lair:5   | Found a gateway to Hell.
 10680 | Lair:5   | Identified the +8 dagger of the Walnut {holy, rPois}
 10874 | Lair:5   | Noticed a dire elephant
 10875 | Lair:5   | 10875 ||| INVOKING Heroism.
 10883 | Lair:5   | Killed a dire elephant
 10962 | Lair:5   | 10962 ||| INVOKING Heroism.
 10963 | Lair:5   | 10963 ||| INVOKING Finesse.
 11282 | Lair:5   | 11282 ||| PLANNING D:1-11
 11282 | Lair:5   | 11282 ||| UPGRADING to +6 barding of the Solstice {Str+2}.
 11292 | Lair:5   | 11292 ||| DROPPING +2 barding of stealth.
 11295 | Lair:5   | 11295 ||| READING scroll labelled MYMOSS OGGO.
 11426 | D:8      | 11426 ||| Stepping randomly (stuck).
 11498 | D:9      | 11498 ||| Stepping ~*~*~tactically~*~*~ (outnumbered).
 11500 | D:9      | 11500 ||| Stepping ~*~*~tactically~*~*~ (outnumbered).
 11562 | D:9      | Found a stormy altar of Qazlal.
 11628 | D:9      | Found a sacrificial altar of Ru.
 11641 | D:9      | Received a gift from Okawaru
 11643 | D:9      | 11643 ||| DROPPING +2 triple crossbow of freezing.
 11759 | D:9      | Found a sparkling altar of Nemelex Xobeh.
 11826 | D:9      | 11826 ||| Stepping ~*~*~tactically~*~*~ (outnumbered).
 11827 | D:9      | 11827 ||| Stepping ~*~*~tactically~*~*~ (outnumbered).
 11989 | D:10     | Entered Level 10 of the Dungeon
 11994 | D:10     | Found a runed translucent door.
 11999 | D:10     | Identified the +9 spear of Deformation {venom, *Rage Str+4}
 11999 | D:10     | Noticed qw's ghost (novice GrFi)
 12108 | D:10     | Found a white marble altar of Elyvilon.
 12509 | D:10     | 12509 ||| READING 2 scrolls of identify.
 12509 | D:10     | 12509 ||| IDENTIFYING fizzy golden potion
 12935 | D:11     | 12935 ||| PLANNING D
 12935 | D:11     | 12935 ||| UPGRADING to scarf of resistance.
 12958 | D:12     | 12958 ||| PLANNING GAUNTLET
 12958 | D:12     | 12958 ||| INVOKING Heroism.
 12959 | D:12     | 12959 ||| INVOKING Finesse.
 13037 | D:12     | 13037 ||| Stepping ~*~*~tactically~*~*~ (outnumbered).
 13052 | D:12     | 13052 ||| INVOKING Heroism.
 13053 | D:12     | 13053 ||| READING 4 scrolls of teleportation.
 13054 | D:12     | 13054 ||| Stepping ~*~*~tactically~*~*~ (outnumbered).
 13159 | D:12     | 13159 ||| INVOKING Heroism.
 13160 | D:12     | 13160 ||| INVOKING Finesse.
 13321 | D:12     | 13321 ||| RIP GAUNTLET
 13326 | D:12     | 13326 ||| PLANNING D
 13341 | D:12     | Received a gift from Okawaru
 13368 | D:12     | 13368 ||| Stepping ~*~*~tactically~*~*~ (outnumbered).
 13484 | D:12     | Identified the staff "Xyutoh" {rPois rC++ Poison}
 13488 | D:12     | Reached XP level 15. HP: 144/155 MP: 22/22
 13529 | D:12     | 13529 ||| UPGRADING to +0 pair of gloves.
 13534 | D:12     | 13534 ||| UPGRADING to +2 helmet of see invisible.
 13548 | D:12     | 13548 ||| DROPPING +2 hat.
 13549 | D:12     | 13549 ||| READING 2 scrolls of enchant armour.
 13549 | D:12     | 13549 ||| ENCHANTING +0 pair of gloves.
 13550 | D:12     | 13550 ||| READING scroll of enchant armour.
 13550 | D:12     | 13550 ||| ENCHANTING +1 pair of gloves.
 13654 | D:12     | Identified the +0 plate armour of Follow the Leader {rElec
                  | rC+}
 13660 | D:12     | 13660 ||| Stepping ~*~*~tactically~*~*~ (outnumbered).
 13661 | D:12     | 13661 ||| Stepping ~*~*~tactically~*~*~ (outnumbered).
 13683 | D:12     | Found a staircase to the Orcish Mines.
 14215 | D:13     | 14215 ||| READING scroll labelled POCSAPR NUOMOA.
 14316 | D:13     | 14316 ||| DRINKING 2 viscous white potions.
 14317 | D:13     | 14317 ||| DROPPING potion of attraction.
 14361 | D:14     | Found a broken altar of Ashenzari.
 14514 | D:14     | Reached skill level 9 in Dodging
 14515 | D:14     | Reached skill level 18 in Ranged Weapons
 14515 | D:14     | 14515 ||| INVOKING Heroism.
 15023 | D:14     | Reached skill level 12 in Fighting
 15025 | D:14     | Identified the +0 barding of Resonant Life {Dex+2 Stlth+}
                  | (Okawaru gifted it to you on level 14 of the Dungeon)
 15025 | D:14     | Received a gift from Okawaru
 15042 | D:14     | Found a gate to the Vaults.
 15080 | D:14     | 15080 ||| DROPPING +0 barding of Resonant Life {Dex+2
                  | Stlth+}.
 15081 | D:14     | 15081 ||| READING 3 scrolls of identify.
 15081 | D:14     | 15081 ||| IDENTIFYING fuming puce potion
 15082 | D:14     | 15082 ||| READING 2 scrolls of identify.
 15082 | D:14     | 15082 ||| IDENTIFYING orange potion
 15083 | D:14     | 15083 ||| DROPPING potion of berserk rage.
 15119 | D:15     | Entered Level 15 of the Dungeon
 15140 | D:15     | 15140 ||| Stepping ~*~*~tactically~*~*~ (outnumbered).
 15272 | D:15     | Reached skill level 13 in Fighting
 15463 | D:15     | Reached skill level 6 in Armour
 15585 | D:15     | 15585 ||| Stepping ~*~*~tactically~*~*~ (outnumbered).
 15588 | D:15     | 15588 ||| Stepping ~*~*~tactically~*~*~ (outnumbered).
 15589 | D:15     | 15589 ||| Stepping ~*~*~tactically~*~*~ (outnumbered).
 15596 | D:15     | 15596 ||| INVOKING Heroism.
 15601 | D:15     | 15601 ||| Stepping ~*~*~tactically~*~*~ (outnumbered).
 15641 | D:15     | 15641 ||| INVOKING Heroism.
 15655 | D:15     | 15655 ||| Stepping ~*~*~tactically~*~*~ (outnumbered).
 15669 | D:15     | Found a staircase to the Depths.
 15739 | D:15     | Reached XP level 16. HP: 171/171 MP: 23/23
 15780 | D:15     | Received a gift from Okawaru
 15955 | D:15     | 15955 ||| PLANNING ORC
 16058 | Orc:1    | Entered Level 1 of the Orcish Mines
 16069 | Orc:1    | 16069 ||| INVOKING Heroism.
 16071 | Orc:1    | Noticed Sonja
 16072 | Orc:1    | 16072 ||| INVOKING Finesse.
 16073 | Orc:1    | Killed Sonja
 16187 | Orc:1    | Found Suacoahai's Jewellery Shoppe.
 16196 | Orc:1    | 16196 ||| BUYING +5 ring of evasion (468 gold).
 16196 | Orc:1    | Bought a +5 ring of evasion for 468 gold pieces
 16196 | Orc:1    | 16196 ||| BUYING amulet of Vitality {RegenMP++ Regen++}
                  | (1300 gold).
 16196 | Orc:1    | Bought the amulet of Vitality {RegenMP++ Regen++} for 1300
                  | gold pieces
 16196 | Orc:1    | Found the amulet of Vitality {RegenMP++ Regen++}
 16196 | Orc:1    | 16196 ||| BUYING ring of fire (325 gold).
 16196 | Orc:1    | Bought a ring of fire for 325 gold pieces
 16196 | Orc:1    | 16196 ||| BUYING ring of protection from fire (325 gold).
 16196 | Orc:1    | Bought a ring of protection from fire for 325 gold pieces
 16219 | Orc:1    | 16219 ||| DROPPING amulet of regeneration.
 16220 | Orc:1    | 16220 ||| UPGRADING to +5 ring of evasion.
 16222 | Orc:1    | 16222 ||| DROPPING ring of fire.
 16223 | Orc:1    | 16223 ||| DROPPING +4 ring of protection.
 16237 | Orc:2    | Entered Level 2 of the Orcish Mines
 16337 | Orc:2    | Found a dark tunnel.
 16437 | Orc:2    | 16437 ||| INVOKING Heroism.
 16468 | Orc:2    | 16468 ||| INVOKING Heroism.
 16497 | Orc:2    | Found a staircase to the Elven Halls.
 16506 | Orc:1    | Found Ywisir's Magic Scroll Shoppe.
 16511 | Orc:1    | Received a gift from Okawaru
 16517 | Orc:1    | Reached skill level 14 in Fighting
 16517 | Orc:1    | 16517 ||| INVOKING Heroism.
 16533 | Orc:1    | 16533 ||| BUYING 2 scrolls of teleportation (84 gold).
 16533 | Orc:1    | Bought 2 scrolls of teleportation for 84 gold pieces
 16533 | Orc:1    | 16533 ||| BUYING scroll of identify (28 gold).
 16533 | Orc:1    | Bought a scroll of identify for 28 gold pieces
 16533 | Orc:1    | 16533 ||| BUYING scroll of identify (28 gold).
 16533 | Orc:1    | Bought a scroll of identify for 28 gold pieces
 16533 | Orc:1    | 16533 ||| BUYING scroll of identify (28 gold).
 16533 | Orc:1    | Bought a scroll of identify for 28 gold pieces
 16533 | Orc:1    | 16533 ||| BUYING scroll of teleportation (42 gold).
 16533 | Orc:1    | Bought a scroll of teleportation for 42 gold pieces
 16533 | Orc:1    | 16533 ||| BUYING scroll of teleportation (42 gold).
 16533 | Orc:1    | Bought a scroll of teleportation for 42 gold pieces
 16616 | Orc:1    | 16616 ||| READING 4 scrolls of identify.
 16616 | Orc:1    | 16616 ||| IDENTIFYING red potion
 16617 | Orc:1    | 16617 ||| READING 3 scrolls of identify.
 16617 | Orc:1    | 16617 ||| IDENTIFYING fizzy inky potion
 16618 | Orc:1    | 16618 ||| DROPPING potion of invisibility.
 16647 | Orc:1    | Noticed Josephine
 16647 | Orc:1    | Found Lentaegh's Jewellery Shop.
 16651 | Orc:1    | Noticed Jorgrun
 16652 | Orc:1    | 16652 ||| INVOKING Heroism.
 16653 | Orc:1    | 16653 ||| INVOKING Finesse.
 16656 | Orc:1    | Killed Josephine
 16666 | Orc:1    | Killed Jorgrun
 16717 | Orc:1    | 16717 ||| Stepping ~*~*~tactically~*~*~ (outnumbered).
 16722 | Orc:1    | 16722 ||| Stepping ~*~*~tactically~*~*~ (outnumbered).
 17043 | Orc:2    | 17043 ||| INVOKING Heroism.
 17057 | Orc:2    | Found Hirchuekoi's Distillery.
 17065 | Orc:2    | Found Dery Kye's General Store.
 17073 | Orc:2    | Identified the +1 arbalest "Fuotijij" {elec, Will+}
                  | (Okawaru gifted it to you on level 2 of the Orcish Mines)
 17073 | Orc:2    | Received a gift from Okawaru
 17090 | Orc:2    | 17090 ||| BUYING 2 potions of heal wounds (130 gold).
 17090 | Orc:2    | Bought 2 potions of heal wounds for 130 gold pieces
 17090 | Orc:2    | 17090 ||| BUYING potion of curing (39 gold).
 17090 | Orc:2    | Bought a potion of curing for 39 gold pieces
 17090 | Orc:2    | 17090 ||| BUYING potion of enlightenment (65 gold).
 17090 | Orc:2    | Bought a potion of enlightenment for 65 gold pieces
 17090 | Orc:2    | 17090 ||| BUYING potion of enlightenment (65 gold).
 17090 | Orc:2    | Bought a potion of enlightenment for 65 gold pieces
 17090 | Orc:2    | 17090 ||| BUYING potion of heal wounds (65 gold).
 17090 | Orc:2    | Bought a potion of heal wounds for 65 gold pieces
 17090 | Orc:2    | 17090 ||| BUYING potion of mutation (104 gold).
 17090 | Orc:2    | Bought a potion of mutation for 104 gold pieces
 17090 | Orc:2    | 17090 ||| BUYING potion of mutation (104 gold).
 17090 | Orc:2    | Bought a potion of mutation for 104 gold pieces
 17092 | Orc:2    | 17092 ||| SHOPLISTING +5 ring mail "Weywk" {Fly rPois
                  | Int+2} (651 gold, have 506).
 17092 | Orc:2    | 17092 ||| BUYING scroll of enchant weapon (105 gold).
 17092 | Orc:2    | Bought a scroll of enchant weapon for 105 gold pieces
 17183 | Orc:2    | 17183 ||| INVOKING Heroism.
 17184 | Orc:2    | 17184 ||| Stepping ~*~*~tactically~*~*~ (outnumbered).
 17195 | Orc:2    | 17195 ||| Stepping ~*~*~tactically~*~*~ (outnumbered).
 17197 | Orc:2    | 17197 ||| INVOKING Heroism.
 17198 | Orc:2    | 17198 ||| Stepping ~*~*~tactically~*~*~ (outnumbered).
 17209 | Orc:2    | 17209 ||| Stepping ~*~*~tactically~*~*~ (outnumbered).
 17211 | Orc:2    | 17211 ||| Stepping ~*~*~tactically~*~*~ (outnumbered).
 17214 | Orc:2    | 17214 ||| Stepping ~*~*~tactically~*~*~ (outnumbered).
 17224 | Orc:2    | 17224 ||| Stepping ~*~*~tactically~*~*~ (outnumbered).
 17226 | Orc:2    | 17226 ||| Stepping ~*~*~tactically~*~*~ (outnumbered).
 17229 | Orc:2    | 17229 ||| INVOKING Heroism.
 17233 | Orc:2    | Paralysed by an orc sorcerer for 4 turns
 17289 | Orc:2    | 17289 ||| INVOKING Heroism.
 17290 | Orc:2    | 17290 ||| Stepping ~*~*~tactically~*~*~ (outnumbered).
 17315 | Orc:2    | Found Ownutex's Antique Armour Shoppe.
 17315 | Orc:2    | Found Zijuvyad's Book Emporium.
 17316 | Orc:2    | Found a one-way gate leading to the halls of Pandemonium.
 17319 | Orc:2    | 17319 ||| BUYING spiked leather armour (196 gold).
 17319 | Orc:2    | Bought a spiked leather armour for 196 gold pieces
 17319 | Orc:2    | Identified the +3 leather armour of Tiorray {Harm Slay+3}
                  | (You bought it in a shop on level 2 of the Orcish Mines)
 17462 | Orc:2    | 17462 ||| PLANNING SNAKE:1-3
 17635 | Snake:1  | Entered Level 1 of the Snake Pit
 17641 | Snake:1  | Found a gateway to a bazaar.
 17642 | Snake:1  | 17642 ||| PLANNING BAZAAR
 17649 | Bazaar   | Entered a bazaar
 17653 | Bazaar   | Found Uweph's Jewellery Boutique.
 17675 | Bazaar   | Found Tomuo's Weapon Emporium.
 17696 | Bazaar   | Found Vorgh's Book Boutique.
 17716 | Bazaar   | Found Yruf's Assorted Antiques.
 17722 | Bazaar   | 17722 ||| BUYING runed leather armour (165 gold).
 17722 | Bazaar   | Bought a runed leather armour for 165 gold pieces
 17735 | Bazaar   | 17735 ||| DROPPING +1 leather armour of fire resistance.
 17755 | Snake:1  | 17755 ||| PLANNING SNAKE:1-3
 18109 | Snake:1  | 18109 ||| Stepping ~*~*~tactically~*~*~ (outnumbered).
 18111 | Snake:1  | 18111 ||| Stepping ~*~*~tactically~*~*~ (outnumbered).
 18113 | Snake:1  | 18113 ||| Stepping ~*~*~tactically~*~*~ (outnumbered).
 18133 | Snake:1  | Identified the ring "Atuorup" {rPois Will+ Int+3}
 18195 | Snake:1  | Noticed Aizul
 18196 | Snake:1  | 18196 ||| INVOKING Heroism.
 18197 | Snake:1  | 18197 ||| INVOKING Finesse.
 18203 | Snake:1  | Killed Aizul
 18388 | Snake:1  | 18388 ||| INVOKING Heroism.
 18769 | Snake:1  | 18769 ||| DROPPING ring "Atuorup" {rPois Will+ Int+3}.
 18789 | Snake:2  | Reached skill level 15 in Fighting
 18805 | Snake:2  | Received a gift from Okawaru
 18806 | Snake:2  | 18806 ||| STAIRDANCE
 18807 | Snake:2  | 18807 ||| INVOKING Heroism.
 18815 | Snake:2  | 18815 ||| STAIRDANCE
 18818 | Snake:1  | Reached XP level 17. HP: 86/187 MP: 18/24
 18897 | Snake:2  | 18897 ||| INVOKING Heroism.
 18925 | Snake:2  | 18925 ||| STAIRDANCE
 19047 | Snake:2  | Reached skill level 16 in Fighting
 19155 | Snake:2  | 19155 ||| INVOKING Heroism.
 19156 | Snake:2  | 19156 ||| Stepping ~*~*~tactically~*~*~ (outnumbered).
 19166 | Snake:2  | 19166 ||| Stepping ~*~*~tactically~*~*~ (outnumbered).
 19168 | Snake:2  | 19168 ||| Stepping ~*~*~tactically~*~*~ (outnumbered).
 19254 | Snake:2  | Identified the +5 scale mail "Jootsule" {Str+3 Slay+5}
 19297 | Snake:2  | 19297 ||| INVOKING Heroism.
 19371 | Snake:2  | Identified the +5 dagger of Evil {freeze, Str+5}
 19458 | Snake:3  | Found Weixtomad's Distillery.
 19459 | Snake:3  | 19459 ||| INVOKING Heroism.
 19463 | Snake:3  | Received a gift from Okawaru
 19487 | Snake:3  | 19487 ||| BUYING 2 potions of enlightenment (130 gold).
 19487 | Snake:3  | Bought 2 potions of enlightenment for 130 gold pieces
 19487 | Snake:3  | 19487 ||| BUYING potion of curing (39 gold).
 19487 | Snake:3  | Bought a potion of curing for 39 gold pieces
 19487 | Snake:3  | 19487 ||| BUYING potion of curing (39 gold).
 19487 | Snake:3  | Bought a potion of curing for 39 gold pieces
 19487 | Snake:3  | 19487 ||| BUYING potion of curing (39 gold).
 19487 | Snake:3  | Bought a potion of curing for 39 gold pieces
 19487 | Snake:3  | 19487 ||| SHOPLISTING potion of haste (130 gold, have 11).
 19487 | Snake:3  | 19487 ||| SHOPLISTING potion of might (52 gold, have 11).
 19487 | Snake:3  | 19487 ||| SHOPLISTING potion of mutation (104 gold, have
                  | 11).
 19542 | Snake:3  | Reached skill level 12 in Dodging
 19542 | Snake:3  | Identified Roxanne's Papyrus of Metal
 19542 | Snake:3  | Noticed Roxanne
 19543 | Snake:3  | 19543 ||| INVOKING Heroism.
 19544 | Snake:3  | 19544 ||| INVOKING Finesse.
 19546 | Snake:3  | 19546 ||| Stepping ~*~*~tactically~*~*~ (outnumbered).
 19587 | Snake:3  | 19587 ||| INVOKING Heroism.
 19588 | Snake:3  | 19588 ||| INVOKING Finesse.
 19597 | Snake:3  | Killed Roxanne
 19833 | Snake:3  | 19833 ||| INVOKING Heroism.
 19978 | Snake:3  | 19978 ||| Stepping ~*~*~tactically~*~*~ (outnumbered).
 19984 | Snake:3  | 19984 ||| Stepping ~*~*~tactically~*~*~ (outnumbered).
 20100 | Snake:3  | 20100 ||| PLANNING SHOALS:1-3
 20209 | Shoals:1 | Entered Level 1 of the Shoals
 20400 | Shoals:1 | Found Waririm's Armour Boutique.
 20435 | Shoals:1 | Received a gift from Okawaru
 20703 | Shoals:1 | 20703 ||| DROPPING amulet of the acrobat.
 20838 | Shoals:2 | 20838 ||| INVOKING Heroism.
 20847 | Shoals:2 | Reached skill level 17 in Fighting
 20886 | Shoals:2 | 20886 ||| INVOKING Heroism.
 21038 | Shoals:2 | Identified the +1 leather armour of Miryhoj {rPois rF+
                  | Str-4}
 21050 | Shoals:2 | 21050 ||| INVOKING Heroism.
 21120 | Shoals:2 | 21120 ||| DRINKING potion of experience.
 21120 | Shoals:2 | Reached XP level 18. HP: 202/202 MP: 25/25
 21192 | Shoals:2 | 21192 ||| Stepping ~*~*~tactically~*~*~ (outnumbered).
 21195 | Shoals:2 | 21195 ||| Stepping ~*~*~tactically~*~*~ (outnumbered).
 21200 | Shoals:2 | 21200 ||| Stepping ~*~*~tactically~*~*~ (outnumbered).
 21288 | Shoals:2 | 21288 ||| DROPPING +1 leather armour of Miryhoj {rPois rF+
                  | Str-4}.
 21335 | Shoals:3 | 21335 ||| INVOKING Heroism.
 21462 | Shoals:3 | Received a gift from Okawaru
 21493 | Shoals:3 | Identified the +0 leather armour "Punweex" {Int+4 Dex+2}
 21529 | Shoals:3 | 21529 ||| INVOKING Heroism.
 21536 | Shoals:3 | Reached XP level 19. HP: 180/212 MP: 24/26
 21738 | Shoals:3 | 21738 ||| INVOKING Heroism.
 21935 | Shoals:3 | 21935 ||| DROPPING +0 leather armour "Punweex" {Int+4
                  | Dex+2}.
 21936 | Shoals:3 | 21936 ||| DROPPING +2 helmet.
 21950 | Shoals:4 | Entered Level 4 of the Shoals
 21952 | Shoals:4 | Reached skill level 18 in Fighting
 21999 | Shoals:4 | 21999 ||| INVOKING Heroism.
 22003 | Shoals:4 | 22003 ||| INVOKING Finesse.
 22004 | Shoals:4 | 22004 ||| Stepping ~*~*~tactically~*~*~ (outnumbered).
 22061 | Shoals:4 | 22061 ||| INVOKING Heroism.
 22105 | Shoals:3 | 22105 ||| PLANNING SNAKE:4
 22336 | Snake:4  | Entered Level 4 of the Snake Pit
 22388 | Snake:4  | Received a gift from Okawaru
 22390 | Snake:4  | Reached skill level 9 in Armour
 22454 | Snake:4  | 22454 ||| INVOKING Heroism.
 22550 | Snake:4  | 22550 ||| INVOKING Heroism.
 22605 | Snake:4  | 22605 ||| INVOKING Heroism.
 22606 | Snake:4  | 22606 ||| Stepping ~*~*~tactically~*~*~ (outnumbered).
 22657 | Snake:4  | 22657 ||| INVOKING Heroism.
 22694 | Snake:4  | 22694 ||| INVOKING Heroism.
 22700 | Snake:4  | 22700 ||| Stepping ~*~*~tactically~*~*~ (outnumbered).
 22726 | Snake:4  | 22726 ||| INVOKING Heroism.
 22764 | Snake:4  | 22764 ||| INVOKING Heroism.
 22765 | Snake:4  | 22765 ||| Stepping ~*~*~tactically~*~*~ (outnumbered).
 22833 | Snake:4  | Got a serpentine rune of Zot
 22856 | Snake:4  | 22856 ||| INVOKING Heroism.
 23192 | Snake:4  | 23192 ||| PLANNING VAULTS:1-4
 23192 | Snake:4  | 23192 ||| DROPPING +0 robe of willpower.
 23193 | Snake:4  | 23193 ||| DROPPING ring of willpower.
 23460 | Vaults:1 | Entered Level 1 of the Vaults
 23462 | Vaults:1 | 23462 ||| STAIRDANCE
 23630 | Vaults:1 | 23630 ||| INVOKING Heroism.
 23631 | Vaults:1 | 23631 ||| INVOKING Finesse.
 23736 | Vaults:1 | Reached skill level 19 in Fighting
 23772 | Vaults:1 | Identified the +2 ring mail of Absolutism {Will+}
 23974 | Vaults:1 | 23974 ||| DROPPING +2 ring mail of Absolutism {Will+}.
 24237 | Vaults:1 | Found Ifaeg's Armour Emporium.
 24396 | Vaults:1 | Received a gift from Okawaru
 24398 | Vaults:1 | 24398 ||| Stepping ~*~*~tactically~*~*~ (outnumbered).
 24407 | Vaults:1 | Noticed a golden dragon
 24408 | Vaults:1 | 24408 ||| INVOKING Heroism.
 24409 | Vaults:1 | 24409 ||| INVOKING Finesse.
 24411 | Vaults:1 | a golden dragon changed into an iron dragon
 24638 | Vaults:2 | Noticed Zenata
 24639 | Vaults:2 | 24639 ||| INVOKING Heroism.
 24640 | Vaults:2 | 24640 ||| INVOKING Finesse.
 24647 | Vaults:2 | Killed Zenata
 24648 | Vaults:2 | Reached XP level 20. HP: 228/228 MP: 20/27
 24702 | Vaults:2 | 24702 ||| Stepping ~*~*~tactically~*~*~ (outnumbered).
 24704 | Vaults:2 | 24704 ||| Stepping ~*~*~tactically~*~*~ (outnumbered).
 24715 | Vaults:2 | 24715 ||| Stepping ~*~*~tactically~*~*~ (outnumbered).
 24717 | Vaults:2 | 24717 ||| Stepping ~*~*~tactically~*~*~ (outnumbered).
 24719 | Vaults:2 | 24719 ||| Stepping ~*~*~tactically~*~*~ (outnumbered).
 24826 | Vaults:2 | Reached skill level 15 in Dodging
 24992 | Vaults:2 | You fall into a shaft and drop 2 floors!
 25047 | Vaults:4 | 25047 ||| Stepping ~*~*~tactically~*~*~ (outnumbered).
 25188 | Vaults:3 | Found Fuvuyth's Antique Weapon Emporium.
 25556 | Vaults:2 | Reached skill level 20 in Fighting
 25634 | Vaults:2 | 25634 ||| Stepping ~*~*~tactically~*~*~ (outnumbered).
 25687 | Vaults:2 | 25687 ||| Stepping ~*~*~tactically~*~*~ (outnumbered).
 25783 | Vaults:2 | Found a staircase to the Crypt.
 25783 | Vaults:2 | Found a basalt altar of Yredelemnul.
 25783 | Vaults:2 | Found an ancient bone altar of Kikubaaqudgha.
 26148 | Vaults:3 | Found Afuin's Assorted Antiques.
 26157 | Vaults:3 | Identified the +2 ring mail of the Earth {Dex+4} (Okawaru
                  | gifted it to you on level 3 of the Vaults)
 26157 | Vaults:3 | Received a gift from Okawaru
 26165 | Vaults:3 | 26165 ||| BUYING potion of curing (126 gold).
 26165 | Vaults:3 | Bought a potion of curing for 126 gold pieces
 26165 | Vaults:3 | 26165 ||| BUYING potion of curing (126 gold).
 26165 | Vaults:3 | Bought a potion of curing for 126 gold pieces
 26165 | Vaults:3 | 26165 ||| BUYING potion of heal wounds (210 gold).
 26165 | Vaults:3 | Bought a potion of heal wounds for 210 gold pieces
 26165 | Vaults:3 | 26165 ||| SHOPLISTING wand of digging (6) (1058 gold, have
                  | 181).
 26185 | Vaults:3 | 26185 ||| Stepping ~*~*~tactically~*~*~ (outnumbered).
 26312 | Vaults:3 | Found Toodez's Distillery.
 26323 | Vaults:3 | 26323 ||| BUYING potion of curing (54 gold).
 26323 | Vaults:3 | Bought a potion of curing for 54 gold pieces
 26323 | Vaults:3 | 26323 ||| BUYING potion of curing (54 gold).
 26323 | Vaults:3 | Bought a potion of curing for 54 gold pieces
 26323 | Vaults:3 | 26323 ||| SHOPLISTING potion of magic (144 gold, have 121).
 26323 | Vaults:3 | 26323 ||| SHOPLISTING potion of mutation (144 gold, have
                  | 121).
 26454 | Vaults:3 | 26454 ||| Stepping ~*~*~tactically~*~*~ (outnumbered).
 26459 | Vaults:3 | 26459 ||| Stepping ~*~*~tactically~*~*~ (outnumbered).
 26548 | Vaults:3 | Found Waofuam's Magic Scroll Boutique.
 26554 | Vaults:3 | 26554 ||| SHOPLISTING scroll of enchant armour (142 gold,
                  | have 121).
 26554 | Vaults:3 | 26554 ||| BUYING scroll of teleportation (57 gold).
 26554 | Vaults:3 | Bought a scroll of teleportation for 57 gold pieces
 26768 | Vaults:3 | 26768 ||| UPGRADING to +2 ring mail of the Earth {Dex+4}.
 26778 | Vaults:3 | 26778 ||| DROPPING +1 leather armour "Piazuj" {Regen+}.
 26845 | Vaults:4 | Identified the +7 demon blade "Cycauheu" {elec, Str+7
                  | Int-3}
 26888 | Vaults:4 | 26888 ||| INVOKING Finesse.
 27014 | Vaults:4 | 27014 ||| Stepping ~*~*~tactically~*~*~ (outnumbered).
 27145 | Vaults:4 | Reached XP level 21. HP: 240/240 MP: 28/28
 27431 | Vaults:4 | Identified the +1 trident of Piteiciw {heavy, rF+ Will+}
 27519 | Vaults:4 | 27519 ||| INVOKING Heroism.
 27633 | Vaults:4 | Identified the +6 longbow of Accord {flame, rF++ Str+4}
                  | (Okawaru gifted it to you on level 4 of the Vaults)
 27633 | Vaults:4 | Received a gift from Okawaru
 27687 | Vaults:4 | 27687 ||| Stepping ~*~*~tactically~*~*~ (outnumbered).
 27690 | Vaults:4 | Reached skill level 12 in Armour
 27845 | Vaults:4 | 27845 ||| PLANNING SHOALS:4
 28418 | Shoals:4 | 28418 ||| INVOKING Heroism.
 28419 | Shoals:4 | 28419 ||| INVOKING Finesse.
 28505 | Shoals:4 | 28505 ||| Stepping ~*~*~tactically~*~*~ (outnumbered).
 28509 | Shoals:4 | 28509 ||| Stepping ~*~*~tactically~*~*~ (outnumbered).
 28543 | Shoals:4 | 28543 ||| Stepping ~*~*~tactically~*~*~ (outnumbered).
 28547 | Shoals:4 | 28547 ||| Stepping ~*~*~tactically~*~*~ (outnumbered).
 28552 | Shoals:4 | Identified the +2 robe "Ifumoymu" {Will+ Int+3 Slay+2}
                  | (Okawaru gifted it to you on level 4 of the Shoals)
 28552 | Shoals:4 | Received a gift from Okawaru
 28793 | Shoals:4 | 28793 ||| INVOKING Heroism.
 28794 | Shoals:4 | 28794 ||| Stepping ~*~*~tactically~*~*~ (outnumbered).
 28797 | Shoals:4 | Reached skill level 21 in Fighting
 28800 | Shoals:4 | 28800 ||| INVOKING Finesse.
 28871 | Shoals:4 | Got a barnacled rune of Zot
 28885 | Shoals:4 | Identified the +5 shortbow of Honour {antimagic, rN+ Str-2
                  | Int+6 SInv}
 28959 | Shoals:4 | 28959 ||| Stepping ~*~*~tactically~*~*~ (outnumbered).
 29045 | Shoals:4 | 29045 ||| INVOKING Heroism.
 29046 | Shoals:4 | 29046 ||| INVOKING Finesse.
 29083 | Shoals:4 | 29083 ||| DROPPING +2 robe "Ifumoymu" {Will+ Int+3 Slay+2}.
 29084 | Shoals:4 | 29084 ||| PLANNING DEPTHS
 29396 | Depths:1 | Entered Level 1 of the Depths
 29407 | Depths:1 | 29407 ||| Stepping ~*~*~tactically~*~*~ (outnumbered).
 29500 | Depths:1 | 29500 ||| DRINKING 17 potions of curing.
 29500 | Depths:1 | 29500 ||| (to cure bad poison)
 29657 | Depths:1 | 29657 ||| INVOKING Finesse.
 29690 | Depths:1 | Found Ybekeec's General Store.
 29699 | Depths:1 | 29699 ||| BUYING potion of heal wounds (85 gold).
 29699 | Depths:1 | Bought a potion of heal wounds for 85 gold pieces
 29699 | Depths:1 | 29699 ||| BUYING potion of mutation (136 gold).
 29699 | Depths:1 | Bought a potion of mutation for 136 gold pieces
 29699 | Depths:1 | 29699 ||| SHOPLISTING scroll of enchant armour (127 gold,
                  | have 33).
 29790 | Depths:1 | 29790 ||| Stepping ~*~*~tactically~*~*~ (outnumbered).
 29796 | Depths:1 | Received a gift from Okawaru
 29800 | Depths:1 | 29800 ||| Stepping ~*~*~tactically~*~*~ (outnumbered).
 29802 | Depths:1 | 29802 ||| INVOKING Heroism.
 29805 | Depths:1 | Reached XP level 22. HP: 139/255 MP: 26/29
 29812 | Depths:1 | HP: 40/255 [naga warrior/+0 mace (33)]
 29813 | Depths:1 | 29813 ||| READING 20 scrolls of teleportation.
 29814 | Depths:1 | 29814 ||| DRINKING 9 potions of heal wounds.
 29817 | Depths:1 | 29817 ||| FLEEEEING.
 29818 | Depths:1 | 29818 ||| FLEEEEING.
 29823 | Depths:1 | 29823 ||| FLEEEEING.
 29825 | Depths:1 | 29825 ||| FLEEEEING.
 29826 | Depths:1 | 29826 ||| FLEEEEING.
 29827 | Depths:1 | 29827 ||| FLEEEEING.
 29828 | Depths:1 | 29828 ||| FLEEEEING.
 29829 | Depths:1 | 29829 ||| FLEEEEING.
 29832 | Depths:1 | 29832 ||| FLEEEEING.
 29833 | Depths:1 | 29833 ||| FLEEEEING.
 29834 | Depths:1 | 29834 ||| FLEEEEING.
 29837 | Depths:1 | 29837 ||| FLEEEEING.
 29838 | Depths:1 | 29838 ||| FLEEEEING.
 29839 | Depths:1 | 29839 ||| FLEEEEING.
 29840 | Depths:1 | 29840 ||| FLEEEEING.
 29841 | Depths:1 | 29841 ||| FLEEEEING.
 29842 | Depths:1 | 29842 ||| INVOKING Heroism.
 30358 | Depths:1 | 30358 ||| INVOKING Heroism.
 30359 | Depths:1 | 30359 ||| INVOKING Finesse.
 30620 | Depths:1 | 30620 ||| INVOKING Heroism.
 30621 | Depths:1 | 30621 ||| INVOKING Finesse.
 30702 | Depths:1 | Received a gift from Okawaru
 30743 | Depths:1 | Found a one-way gate to the infinite horrors of the Abyss.
 30871 | Depths:1 | 30871 ||| DROPPING +1 robe of fire resistance.
 31003 | Depths:2 | 31003 ||| INVOKING Heroism.
 31143 | Depths:2 | 31143 ||| Stepping ~*~*~tactically~*~*~ (outnumbered).
 31148 | Depths:2 | 31148 ||| Stepping ~*~*~tactically~*~*~ (outnumbered).
 31157 | Depths:2 | 31157 ||| INVOKING Heroism.
 31158 | Depths:2 | 31158 ||| INVOKING Finesse.
 31196 | Depths:2 | 31196 ||| INVOKING Finesse.
 31207 | Depths:2 | 31207 ||| DRINKING 3 potions of resistance.
 31212 | Depths:2 | Reached skill level 22 in Fighting
 31269 | Depths:2 | Identified the +2 leather armour "Tugay" {+Blink}
 31649 | Depths:2 | 31649 ||| INVOKING Heroism.
 31667 | Depths:2 | 31667 ||| INVOKING Finesse.
 31671 | Depths:2 | Received a gift from Okawaru
 31694 | Depths:2 | Identified the +2 falchion "Giantbane" {freeze, Drain rN+++
                  | Dex+4}
 31699 | Depths:2 | Identified the +0 cloak of Midnight {Int+2}
 31704 | Depths:2 | Found a one-way gateway to a ziggurat.
 31725 | Depths:2 | Found a shadowy altar of Dithmenos.
 31888 | Depths:2 | 31888 ||| INVOKING Finesse.
 31963 | Depths:2 | 31963 ||| DROPPING +2 leather armour "Tugay" {+Blink}.
 31964 | Depths:2 | 31964 ||| DROPPING +0 cloak.
 31974 | Depths:3 | 31974 ||| INVOKING Finesse.
 31981 | Depths:3 | 31981 ||| INVOKING Heroism.
 31982 | Depths:3 | 31982 ||| Stepping ~*~*~tactically~*~*~ (outnumbered).
 31986 | Depths:3 | 31986 ||| Stepping ~*~*~tactically~*~*~ (outnumbered).
 31991 | Depths:3 | 31991 ||| DRINKING 2 potions of resistance.
 32246 | Depths:3 | 32246 ||| DRINKING potion of resistance.
 32249 | Depths:3 | Reached skill level 18 in Dodging
 32313 | Depths:3 | 32313 ||| INVOKING Heroism.
 32353 | Depths:3 | Noticed a juggernaut
 32354 | Depths:3 | 32354 ||| INVOKING Heroism.
 32362 | Depths:3 | 32362 ||| INVOKING Finesse.
 32366 | Depths:3 | Killed a juggernaut
 32441 | Depths:3 | 32441 ||| INVOKING Heroism.
 32840 | Depths:3 | Reached XP level 23. HP: 270/270 MP: 30/30
 32840 | Depths:3 | 32840 ||| INVOKING Finesse.
 32998 | Depths:3 | 32998 ||| INVOKING Heroism.
 33304 | Depths:4 | Entered Level 4 of the Depths
 33310 | Depths:4 | 33310 ||| Stepping ~*~*~tactically~*~*~ (outnumbered).
 33424 | Depths:4 | Reached skill level 23 in Fighting
 33464 | Depths:4 | 33464 ||| INVOKING Finesse.
 33478 | Depths:4 | Noticed Louise
 33482 | Depths:4 | Killed Louise
 33594 | Depths:4 | 33594 ||| INVOKING Heroism.
 33595 | Depths:4 | 33595 ||| INVOKING Finesse.
 33723 | Depths:4 | Received a gift from Okawaru
 33744 | Depths:4 | 33744 ||| FLEEEEING.
 33745 | Depths:4 | 33745 ||| FLEEEEING.
 33939 | Depths:4 | Found a glowing golden altar of the Shining One.
 33957 | Depths:4 | Noticed a juggernaut
 33958 | Depths:4 | 33958 ||| INVOKING Heroism.
 33959 | Depths:4 | 33959 ||| INVOKING Finesse.
 33965 | Depths:4 | Killed a juggernaut
 34169 | Depths:4 | Noticed a golden dragon
 34170 | Depths:4 | 34170 ||| INVOKING Heroism.
 34171 | Depths:4 | 34171 ||| INVOKING Finesse.
 34177 | Depths:4 | Killed a golden dragon
 34179 | Depths:4 | 34179 ||| Stepping ~*~*~tactically~*~*~ (cloud).
 34179 | Depths:4 | Noticed a golden dragon
 34190 | Depths:4 | Killed a golden dragon
 34550 | Depths:4 | Found a gate to the Realm of Zot.
 34551 | Depths:4 | 34551 ||| Stepping ~*~*~tactically~*~*~ (outnumbered).
 34554 | Depths:4 | 34554 ||| Stepping ~*~*~tactically~*~*~ (outnumbered).
 34565 | Depths:4 | 34565 ||| INVOKING Heroism.
 34689 | Depths:4 | 34689 ||| INVOKING Heroism.
 34777 | Depths:4 | 34777 ||| INVOKING Heroism.
 34778 | Depths:4 | 34778 ||| INVOKING Finesse.
 34796 | Depths:4 | 34796 ||| Stepping ~*~*~tactically~*~*~ (cloud).
 34799 | Depths:4 | Noticed a golden dragon
 34800 | Depths:4 | 34800 ||| INVOKING Heroism.
 34804 | Depths:4 | Killed a golden dragon
 34928 | Depths:4 | Noticed a golden dragon
 34929 | Depths:4 | 34929 ||| INVOKING Heroism.
 34930 | Depths:4 | 34930 ||| INVOKING Finesse.
 34932 | Depths:4 | Killed a golden dragon
 35061 | Depths:4 | 35061 ||| Stepping ~*~*~tactically~*~*~ (outnumbered).
 35154 | Depths:4 | 35154 ||| DROPPING +0 cloak of Midnight {Int+2}.
 35184 | Depths:4 | 35184 ||| PLANNING VAULTS:5
 35522 | Vaults:5 | Entered Level 5 of the Vaults
 35526 | Vaults:5 | 35526 ||| STAIRDANCE
 35533 | Vaults:4 | 35533 ||| INVOKING Heroism.
 35759 | Vaults:5 | 35759 ||| INVOKING Heroism.
 35771 | Vaults:5 | 35771 ||| STAIRDANCE
 36008 | Vaults:5 | Reached XP level 24. HP: 284/284 MP: 30/30
 36065 | Vaults:5 | 36065 ||| INVOKING Heroism.
 36080 | Vaults:5 | 36080 ||| Stepping ~*~*~tactically~*~*~ (outnumbered).
 36082 | Vaults:5 | 36082 ||| Stepping ~*~*~tactically~*~*~ (outnumbered).
 36086 | Vaults:5 | 36086 ||| Stepping ~*~*~tactically~*~*~ (outnumbered).
 36179 | Vaults:5 | Found the +9 sword of Zonguldrok {reap}
 36189 | Vaults:5 | Identified the ring of Past Mistakes {Drain rPois rF++ rN+}
 36207 | Vaults:5 | Identified the +0 chain mail of the Sky {Fly rF+ Stlth+}
 36231 | Vaults:5 | 36231 ||| Stepping ~*~*~tactically~*~*~ (outnumbered).
 36240 | Vaults:5 | Reached skill level 24 in Fighting
 36282 | Vaults:5 | Identified the +2 barding of the Terrible God {Rampage
                  | Dex+3} (Okawaru gifted it to you on level 5 of the Vaults)
 36282 | Vaults:5 | Received a gift from Okawaru
 36296 | Vaults:5 | Identified the ring of Gyivikh {*Slow rC+ rN+++ rCorr
                  | Str+6}
 36331 | Vaults:5 | Noticed an ancient lich
 36332 | Vaults:5 | 36332 ||| INVOKING Heroism.
 36333 | Vaults:5 | 36333 ||| INVOKING Finesse.
 36335 | Vaults:5 | Killed an ancient lich
 36396 | Vaults:5 | 36396 ||| INVOKING Heroism.
 36403 | Vaults:5 | Noticed an ancient lich
 36403 | Vaults:5 | 36403 ||| INVOKING Finesse.
 36417 | Vaults:5 | Killed an ancient lich
 36738 | Vaults:5 | Noticed Saint Roka
 36745 | Vaults:5 | Killed Saint Roka
 36862 | Vaults:5 | 36862 ||| INVOKING Heroism.
 36914 | Vaults:5 | Noticed an ancient lich
 36915 | Vaults:5 | 36915 ||| INVOKING Heroism.
 36916 | Vaults:5 | 36916 ||| INVOKING Finesse.
 36917 | Vaults:5 | 36917 ||| Stepping ~*~*~tactically~*~*~ (outnumbered).
 36924 | Vaults:5 | Killed an ancient lich
 36925 | Vaults:5 | Reached skill level 25 in Fighting
 36925 | Vaults:5 | 36925 ||| Stepping ~*~*~tactically~*~*~ (outnumbered).
 36958 | Vaults:5 | Found Qoce's Distillery.
 37002 | Vaults:5 | 37002 ||| BUYING 2 potions of heal wounds (150 gold).
 37002 | Vaults:5 | Bought 2 potions of heal wounds for 150 gold pieces
 37002 | Vaults:5 | 37002 ||| BUYING potion of curing (45 gold).
 37002 | Vaults:5 | Bought a potion of curing for 45 gold pieces
 37002 | Vaults:5 | 37002 ||| BUYING potion of curing (45 gold).
 37002 | Vaults:5 | Bought a potion of curing for 45 gold pieces
 37002 | Vaults:5 | 37002 ||| BUYING potion of curing (45 gold).
 37002 | Vaults:5 | Bought a potion of curing for 45 gold pieces
 37002 | Vaults:5 | 37002 ||| BUYING potion of magic (120 gold).
 37002 | Vaults:5 | Bought a potion of magic for 120 gold pieces
 37002 | Vaults:5 | 37002 ||| BUYING potion of might (60 gold).
 37002 | Vaults:5 | Bought a potion of might for 60 gold pieces
 37002 | Vaults:5 | 37002 ||| BUYING potion of might (60 gold).
 37002 | Vaults:5 | Bought a potion of might for 60 gold pieces
 37002 | Vaults:5 | 37002 ||| BUYING potion of might (60 gold).
 37002 | Vaults:5 | Bought a potion of might for 60 gold pieces
 37025 | Vaults:5 | Found Zexiorru's Jewellery Shoppe.
 37026 | Vaults:5 | 37026 ||| INVOKING Heroism.
 37027 | Vaults:5 | 37027 ||| Stepping ~*~*~tactically~*~*~ (outnumbered).
 37039 | Vaults:5 | 37039 ||| SHOPLISTING ring "Daonom" {Will+ Str-4 Dex+4
                  | Slay+6} (858 gold, have 536).
 37130 | Abyss:4  | Cast into level 4 of the Abyss (vault warden)
 37192 | Abyss:4  | 37192 ||| DRINKING potion of resistance.
 37209 | Abyss:4  | 37209 ||| INVOKING Heroism.
 37219 | Abyss:4  | 37219 ||| INVOKING Finesse.
 37279 | Abyss:4  | Reached skill level 15 in Armour
 37393 | Vaults:5 | Escaped the Abyss
 37485 | Vaults:5 | Identified the +10 sling of the Known World {freeze, Will+
                  | Stlth+}
 37489 | Vaults:5 | 37489 ||| INVOKING Heroism.
 37514 | Vaults:5 | Identified the +2 mace "Arogrityn" {flame, rC+ Int+4}
 37536 | Vaults:5 | Got a silver rune of Zot
 37553 | Vaults:5 | Identified the +8 flail of Peace {heavy, rN+ Dex+4 SInv}
 37558 | Vaults:5 | Identified the +1 arbalest of Conformity {penet, rElec
                  | Str-5 Dex+4}
 37622 | Vaults:5 | 37622 ||| INVOKING Heroism.
 37623 | Vaults:5 | Noticed an ancient lich
 37624 | Vaults:5 | 37624 ||| INVOKING Finesse.
 37631 | Vaults:5 | Killed an ancient lich
 37671 | Vaults:5 | Received a gift from Okawaru
 37697 | Vaults:5 | Found Viruyvid's General Store.
 37711 | Vaults:5 | 37711 ||| BUYING 2 potions of haste (280 gold).
 37711 | Vaults:5 | Bought 2 potions of haste for 280 gold pieces
 37711 | Vaults:5 | 37711 ||| BUYING potion of magic (112 gold).
 37711 | Vaults:5 | Bought a potion of magic for 112 gold pieces
 37711 | Vaults:5 | 37711 ||| BUYING scroll of teleportation (42 gold).
 37711 | Vaults:5 | Bought a scroll of teleportation for 42 gold pieces
 37737 | Vaults:5 | 37737 ||| Stepping ~*~*~tactically~*~*~ (outnumbered).
 37891 | Vaults:5 | 37891 ||| INVOKING Heroism.
 37900 | Vaults:5 | Reached XP level 25. HP: 246/299 MP: 30/30
 38075 | Vaults:5 | 38075 ||| PLANNING SHOPPING SPREE
 38075 | Vaults:5 | 38075 ||| DROPPING +2 barding of the Terrible God {Rampage
                  | Dex+3}.
 38076 | Vaults:5 | 38076 ||| DROPPING +1 ring mail of fire resistance.
 38077 | Vaults:5 | 38077 ||| DROPPING +2 robe of cold resistance.
 38078 | Vaults:5 | 38078 ||| DROPPING amulet of reflection.
 38079 | Vaults:5 | 38079 ||| DROPPING ring of protection from fire.
 38080 | Vaults:5 | 38080 ||| DROPPING ring of Gyivikh {*Slow rC+ rN+++ rCorr
                  | Str+6}.
 38502 | Snake:3  | 38502 ||| BUYING potion of haste (130 gold).
 38502 | Snake:3  | Bought a potion of haste for 130 gold pieces
 38502 | Snake:3  | 38502 ||| BUYING potion of might (52 gold).
 38502 | Snake:3  | Bought a potion of might for 52 gold pieces
 38502 | Snake:3  | 38502 ||| BUYING potion of mutation (104 gold).
 38502 | Snake:3  | Bought a potion of mutation for 104 gold pieces
 38796 | Depths:1 | 38796 ||| BUYING scroll of enchant armour (127 gold).
 38796 | Depths:1 | Bought a scroll of enchant armour for 127 gold pieces
 39068 | Vaults:3 | 39068 ||| BUYING scroll of enchant armour (142 gold).
 39068 | Vaults:3 | Bought a scroll of enchant armour for 142 gold pieces
 39068 | Vaults:3 | 39068 ||| CLEARING SHOPPING LIST
 39068 | Vaults:3 | 39068 ||| PLANNING ZOT:1-4
 39441 | Depths:4 | 39441 ||| UPGRADING to ring of Past Mistakes {Drain rPois
                  | rF++ rN+}.
 39449 | Depths:4 | 39449 ||| UPGRADING to +6 ring of dexterity.
 39501 | Zot:1    | Entered Level 1 of the Realm of Zot
 39537 | Zot:1    | 39537 ||| Stepping ~*~*~tactically~*~*~ (cloud).
 39705 | Zot:1    | 39705 ||| Stepping ~*~*~tactically~*~*~ (outnumbered).
 39707 | Zot:1    | 39707 ||| Stepping ~*~*~tactically~*~*~ (outnumbered).
 39748 | Zot:1    | 39748 ||| INVOKING Heroism.
 39874 | Zot:1    | Identified the +9 triple crossbow "Dashrelo" {speed, rF++}
                  | (Okawaru gifted it to you on level 1 of the Realm of Zot)
 39874 | Zot:1    | Received a gift from Okawaru
 39879 | Zot:1    | 39879 ||| INVOKING Heroism.
 39894 | Zot:1    | 39894 ||| Stepping ~*~*~tactically~*~*~ (outnumbered).
 39904 | Zot:1    | HP: 75/300 [poisoned by a green draconian (blast of
                  | poison)]
 39905 | Zot:1    | 39905 ||| READING 23 scrolls of teleportation.
 39906 | Zot:1    | 39906 ||| DRINKING 11 potions of heal wounds.
 39909 | Zot:1    | HP: 70/301 [tentacled monstrosity (12)]
 39910 | Zot:1    | 39910 ||| DRINKING 10 potions of heal wounds.
 39911 | Zot:1    | 39911 ||| DRINKING 9 potions of heal wounds.
 39913 | Zot:1    | 39913 ||| DRINKING 8 potions of heal wounds.
 39915 | Zot:1    | 39915 ||| READING 22 scrolls of teleportation.
 40002 | Zot:1    | 40002 ||| INVOKING Heroism.
 40303 | Zot:1    | 40303 ||| INVOKING Heroism.
 40304 | Zot:1    | 40304 ||| Stepping ~*~*~tactically~*~*~ (outnumbered).
 40381 | Zot:1    | 40381 ||| INVOKING Heroism.
 40431 | Zot:1    | 40431 ||| INVOKING Heroism.
 40434 | Zot:1    | Reached skill level 26 in Fighting
 40502 | Zot:1    | 40502 ||| INVOKING Heroism.
 40507 | Zot:1    | HP: 74/299 [black draconian monk (11)]
 40508 | Zot:1    | 40508 ||| READING 21 scrolls of teleportation.
 40509 | Zot:1    | 40509 ||| DRINKING 7 potions of heal wounds.
 40510 | Zot:1    | 40510 ||| DRINKING 6 potions of heal wounds.
 40512 | Zot:1    | 40512 ||| DRINKING 5 potions of heal wounds.
 40517 | Zot:1    | HP: 67/301 [black draconian monk/bolt of lightning (27)]
 40518 | Zot:1    | 40518 ||| DRINKING 4 potions of heal wounds.
 40851 | Zot:1    | 40851 ||| SWAPPING to +9 triple crossbow "Dashrelo" {speed,
                  | rF++}.
 40852 | Zot:1    | 40852 ||| DROPPING +6 arbalest "Damnation" {damnation}.
 41173 | Zot:1    | 41173 ||| Stepping ~*~*~tactically~*~*~ (outnumbered).
 41200 | Zot:1    | 41200 ||| Stepping ~*~*~tactically~*~*~ (cloud).
 41216 | Zot:1    | Noticed an ancient lich
 41236 | Zot:1    | 41236 ||| Stepping ~*~*~tactically~*~*~ (outnumbered).
 41251 | Zot:1    | 41251 ||| INVOKING Heroism.
 41359 | Zot:1    | 41359 ||| INVOKING Heroism.
 41363 | Zot:1    | 41363 ||| INVOKING Finesse.
 41370 | Zot:1    | Killed an ancient lich
 41436 | Zot:1    | 41436 ||| INVOKING Finesse.
 41470 | Zot:1    | 41470 ||| INVOKING Heroism.
 41482 | Zot:1    | Found a stormy altar of Qazlal.
 41503 | Zot:1    | Identified the +1 robe of Protective Custody {rCorr Dex+4}
 41567 | Zot:1    | 41567 ||| INVOKING Heroism.
 41607 | Zot:1    | 41607 ||| INVOKING Heroism.
 41674 | Zot:1    | 41674 ||| Stepping ~*~*~tactically~*~*~ (outnumbered).
 41691 | Zot:1    | 41691 ||| INVOKING Heroism.
 41904 | Zot:1    | 41904 ||| DROPPING +1 helmet of intelligence.
 41905 | Zot:1    | 41905 ||| UPGRADING to +2 cloak.
 41915 | Zot:1    | 41915 ||| DROPPING +1 robe of Protective Custody {rCorr
                  | Dex+4}.
 41916 | Zot:1    | 41916 ||| UPGRADING to +5 ring of evasion.
 41918 | Zot:1    | 41918 ||| UPGRADING to scarf of resistance.
 41948 | Zot:1    | 41948 ||| INVOKING Heroism.
 42027 | Zot:2    | 42027 ||| STAIRDANCE
 42218 | Zot:2    | Found a runed translucent door.
 42218 | Zot:2    | Noticed qw's ghost (veteran GrFi)
 42233 | Zot:2    | 42233 ||| INVOKING Finesse.
 42347 | Zot:2    | 42347 ||| Stepping ~*~*~tactically~*~*~ (outnumbered).
 42349 | Zot:2    | 42349 ||| Stepping ~*~*~tactically~*~*~ (outnumbered).
 42369 | Zot:2    | 42369 ||| INVOKING Heroism.
 42613 | Zot:2    | 42613 ||| INVOKING Heroism.
 42798 | Zot:2    | 42798 ||| INVOKING Heroism.
 43871 | Zot:3    | Reached XP level 26. HP: 304/305 MP: 30/30
 43875 | Zot:3    | 43875 ||| ZAPPING wand of digging (13).
 44033 | Zot:3    | 44033 ||| INVOKING Heroism.
 44055 | Zot:3    | 44055 ||| Stepping ~*~*~tactically~*~*~ (outnumbered).
 44056 | Zot:3    | 44056 ||| Stepping ~*~*~tactically~*~*~ (outnumbered).
 44213 | Zot:3    | 44213 ||| Stepping ~*~*~tactically~*~*~ (outnumbered).
 44215 | Zot:3    | 44215 ||| Stepping ~*~*~tactically~*~*~ (outnumbered).
 44218 | Zot:3    | 44218 ||| Stepping ~*~*~tactically~*~*~ (outnumbered).
 44277 | Zot:3    | 44277 ||| INVOKING Heroism.
 44284 | Zot:3    | Identified the +2 buckler "Romick" {rC+ Will+ rCorr Int+3}
                  | (Okawaru gifted it to you on level 3 of the Realm of Zot)
 44284 | Zot:3    | Received a gift from Okawaru
 44458 | Zot:3    | 44458 ||| ZAPPING wand of digging (12).
 44496 | Zot:3    | 44496 ||| INVOKING Heroism.
 44565 | Zot:3    | 44565 ||| ZAPPING wand of digging (11).
 44596 | Zot:3    | 44596 ||| ZAPPING wand of digging (10).
 44831 | Zot:3    | 44831 ||| Stepping ~*~*~tactically~*~*~ (outnumbered).
 44835 | Zot:3    | 44835 ||| Stepping ~*~*~tactically~*~*~ (outnumbered).
 45035 | Zot:4    | 45035 ||| INVOKING Heroism.
 45041 | Zot:4    | 45041 ||| Stepping ~*~*~tactically~*~*~ (outnumbered).
 45042 | Zot:4    | 45042 ||| Stepping ~*~*~tactically~*~*~ (outnumbered).
 45063 | Zot:4    | Reached skill level 21 in Ranged Weapons
 45591 | Zot:4    | Found the +8 trident of the Octopus King {venom, rElec
                  | rPois}
 45971 | Zot:4    | 45971 ||| INVOKING Heroism.
 46041 | Zot:4    | 46041 ||| Stepping ~*~*~tactically~*~*~ (outnumbered).
 46043 | Zot:4    | 46043 ||| Stepping ~*~*~tactically~*~*~ (outnumbered).
 46053 | Zot:4    | 46053 ||| INVOKING Heroism.
 46127 | Zot:4    | 46127 ||| Stepping ~*~*~tactically~*~*~ (outnumbered).
 46416 | Zot:4    | 46416 ||| PLANNING ORB
 46445 | Zot:5    | Entered Level 5 of the Realm of Zot
 46446 | Zot:5    | 46446 ||| INVOKING Finesse.
 46453 | Zot:5    | 46453 ||| INVOKING Heroism.
 46572 | Zot:5    | 46572 ||| INVOKING Heroism.
 46865 | Zot:5    | Noticed a dread lich
 46866 | Zot:5    | 46866 ||| INVOKING Heroism.
 46867 | Zot:5    | 46867 ||| INVOKING Finesse.
 46877 | Zot:5    | Killed a dread lich
 46888 | Zot:5    | Noticed a Killer Klown
 46897 | Zot:5    | Killed a Killer Klown
 46911 | Zot:5    | Received a gift from Okawaru
 46931 | Zot:5    | Noticed a Killer Klown
 46932 | Zot:5    | 46932 ||| INVOKING Heroism.
 46933 | Zot:5    | 46933 ||| INVOKING Finesse.
 46936 | Zot:5    | Noticed an orb of fire
 46938 | Zot:5    | Gained mutation: You have a pair of small antennae on your
                  | head. [an orb of fire]
 46947 | Zot:5    | Killed a Killer Klown
 46947 | Zot:5    | Noticed an orb of fire
 46948 | Zot:5    | 46948 ||| Stepping ~*~*~tactically~*~*~ (outnumbered).
 46954 | Zot:5    | Noticed a Killer Klown
 46956 | Zot:5    | Killed an orb of fire
 46961 | Zot:5    | Killed a Killer Klown
 46961 | Zot:5    | Noticed a Killer Klown
 46962 | Zot:5    | Reached skill level 21 in Dodging
 46968 | Zot:5    | Gained mutation: You are dopey. (Int -2) [an orb of fire]
 46969 | Zot:5    | Killed an orb of fire
 46975 | Zot:5    | Killed a Killer Klown
 47005 | Zot:5    | 47005 ||| INVOKING Heroism.
 47008 | Zot:5    | Reached XP level 27. HP: 235/323 MP: 28/30
 47014 | Zot:5    | Received a gift from Okawaru
 47191 | Zot:5    | 47191 ||| INVOKING Heroism.
 47206 | Zot:5    | Received a gift from Okawaru
 47211 | Zot:5    | 47211 ||| INVOKING Finesse.
 47225 | Zot:5    | Received a gift from Okawaru
 47578 | Zot:5    | 47578 ||| INVOKING Finesse.
 47582 | Zot:5    | 47582 ||| INVOKING Heroism.
 47593 | Zot:5    | Noticed an orb of fire
 47600 | Zot:5    | Killed an orb of fire
 47621 | Zot:5    | Got the Orb of Zot
 47622 | Zot:5    | 47622 ||| PLANNING ESCAPE
 47622 | Zot:5    | 47622 ||| DROPPING +2 helmet of see invisible.
 47721 | Zot:5    | 47721 ||| DRINKING 10 potions of haste.
 47722 | Zot:5    | 47722 ||| INVOKING Heroism.
 47780 | Zot:2    | 47780 ||| INVOKING Heroism.
 47886 | Depths:4 | Noticed Baphuz the pandemonium lord
 47887 | Depths:4 | 47887 ||| DRINKING 9 potions of haste.
 47888 | Depths:4 | 47888 ||| INVOKING Heroism.
 47889 | Depths:4 | 47889 ||| INVOKING Finesse.
 47899 | Depths:4 | Killed Baphuz the pandemonium lord
 47902 | Depths:4 | Noticed an ancient lich
 47904 | Depths:4 | Killed an ancient lich
 47979 | Depths:1 | 47979 ||| DRINKING 8 potions of haste.
 47980 | Depths:1 | 47980 ||| INVOKING Heroism.
 48006 | D:15     | Noticed Zukej the pandemonium lord
 48007 | D:15     | 48007 ||| INVOKING Finesse.
 48013 | D:15     | 48013 ||| READING 22 scrolls of teleportation.
 48014 | D:15     | 48014 ||| DRINKING 3 potions of heal wounds.
 48015 | D:15     | 48015 ||| DRINKING 2 potions of heal wounds.
 48016 | D:15     | 48016 ||| DRINKING potion of heal wounds.
 48017 | D:15     | 48017 ||| DRINKING 7 potions of haste.
 48018 | D:15     | HP: 77/324 [??? (74)]
 48024 | D:15     | HP: 37/324 [??? (34)]
 48025 | D:15     | Killed Zukej the pandemonium lord
 48033 | D:15     | 48033 ||| READING 21 scrolls of teleportation.
 48075 | D:15     | 48075 ||| READING 20 scrolls of teleportation.
 48081 | D:15     | 48081 ||| INVOKING Heroism.
 48204 | D:7      | 48204 ||| DRINKING 6 potions of haste.
 48205 | D:7      | 48205 ||| INVOKING Heroism.
 48253 | D:5      | 48253 ||| INVOKING Heroism.
 48375 | D:$      | Escaped with the Orb!

Levels and vault maps discovered:
D:1:      minmay_arrival_three_doors, layout_loops_ring
D:2:      minmay_diamond_boxcup, layout_basic, basic_altar, uniq_jessica
D:3:      layout_loops_ring, zin_treasury,
          hellmonk_ecumenical_altar_inner_sanctum
D:4:      layout_layer_cave, okawaru_altar_gauntlet_db
D:5:      layout_gridville, minmay_temple_entry_statues_pillars,
          hangedman_abyss_or_decor_jellyfish_corner, uniq_crazy_yiuf_cottage,
          uniq_duvessa, uniq_menkaure
D:6:      layout_loops_ring, nicolae_uskayaw_suspiria, minmay_misc_feat_room
D:7:      layout_loops_cross, general_overflow_altar, cheibriados_altar_1,
          mainiacjoe_overflow_cross_hatched, brannock_xom_greatest_gift,
          mainiacjoe_overflow_six_doors_small, kennysheep_mini, serial_bayou,
          serial_bayou_lagoon_a, serial_bayou_pond_c, serial_bayou_pond_a,
          serial_bayou_pond_e, serial_bayou_shore_a
D:8:      layout_loops_ring, nicolae_overflow_crystal_walls,
          hellmonk_lair_entry_icy, ebering_ghost_reflecting_pool
D:9:      layout_roguey, mainiacjoe_overflow_alcove_2,
          nemelex_spade_bored_becter, nicolae_qazlal_style_of_elements,
          minmay_misc_feat_nine_boxes
D:10:     layout_cave_pools, nicolae_elyvilon_temple_path,
          ebering_ghost_funeral_grove
D:11:     layout_roguey, hangedman_misty_isle
D:12:     minmay_the_grid_triangle_9x9_recursive_2_mashed
          [minmay_the_grid_triangle_9x9_prize_insulated,
          minmay_the_grid_triangle_9x9_windchime,
          minmay_the_grid_triangle_9x9_descending_squares,
          minmay_the_grid_triangle_9x9_shrine], layout_rooms, orc_0_dummy,
          gauntlet_entry_generic, nicolae_figureground_sparkle
D:13:     lemuel_ice_spiral_2, layout_irregular_city
D:14:     layout_loops_ring, grunt_vaults_entry_tiered,
          cheibrodos_ashenzari_chains
D:15:     grunt_enter_depths_magical_seal, layout_basic, nicolae_titane
Lair:1:   layout_gridlike, minmay_holes, grunt_megastairs_3
Lair:2:   layout_gridlike, dummy_snake_entry, special_room [special_room_bee],
          beast_lair_carwin_5, uniq_gastronok, uniq_maggie
Lair:3:   layout_cave_shapes, minmay_shoals_entry_hut
Lair:4:   layout_regular_city
Lair:5:   evil_forest, layout_regular_city, slime_entry_2, grunt_megastairs_4
Shoals:1: layout_shoals, serial_shops, shop
Shoals:2: layout_shoals, st_shoals_ruin
Shoals:3: layout_shoals
Shoals:4: shoals_end_hangedman, layout_shoals, nicolae_shoals_dead_sea_scrolls
Snake:1:  layout_chambers, serial_shops, bzr_entry_lakeside, uniq_aizul
Snake:2:  layout_rooms, serial_bayou_shore_b
Snake:3:  layout_rooms, serial_shops, nicolae_shop_hallway_stairs, uniq_roxanne
Snake:4:  minmay_snake_end_coiled, layout_gridlike
Orc:1:    layout_caves, serial_shops, shop, nicolae_shop_crystal,
          nicolae_shop_hallway_stairs, uniq_jorgrun, uniq_sonja, uniq_josephine
Orc:2:    pf_orc_diabolical, layout_caves, nicolae_volcano_entry_two_sided,
          basic_altar
Vaults:1: nicolae_vaults_prndl, v_misc_1, nicolae_vaults_specimen_jars,
          nicolae_vaults_diamond_1, vaults_room_fancy_cross,
          layout_vaults_omnigrid, serial_shops,
          nicolae_shop_pleasant_corner_grove
Vaults:2: nicolae_vaults_oval_intersection, nicolae_vaults_wine_cellar,
          nicolae_vaults_three_branches, nicolae_vaults_storage_closets_1,
          minmay_crypt_entry_necro_gods, hangedman_vaults_locks,
          nicolae_vaults_storage_closets_2, nicolae_vaults_little_squares_6,
          grunt_vaults_hallway_long, layout_vaults_big_room, uniq_zenata
Vaults:3: nicolae_vaults_stairing_the_circle, nicolae_vaults_big_angled_halls,
          nicolae_vaults_lightning_bolt, nicolae_vaults_ninety_degrees,
          nicolae_vaults_tetromino_L_1, nicolae_vaults_double_plus_2,
          vaults_room_stairs_pillars, vaults_room_grid,
          nicolae_vaults_frosty_reception, v_alt_pattern_3, v_alt_pattern_1,
          v_alt_pattern_5, layout_vaults_omnibox, serial_shops,
          nicolae_shop_rolling_square, nicolae_shop_stone,
          nicolae_shop_tiny_real_fake_doors, shop
Vaults:4: vaults_dpeg_cross, ontoclasm_vaults_spin, nicolae_vaults_meiosis,
          grunt_vaults_funnel, ontoclasm_vaults_idyll, v_pattern_5,
          nicolae_vaults_turnstiles, layout_vaults_omnicross
Vaults:5: uniq_saint_roka
Depths:1: layout_gridville, serial_sigils_hangedman_shear, serial_shops, shop,
          minmay_room_of_horrors, hell_entry, minmay_serpent_palace
Depths:2: wad_guarded_room, layout_cave_shapes, ziggurat_fallback,
          hangedman_geh_valley, rand_demon_pan_entry_4,
          nicolae_dithmenos_through_a_glass_darkly, drop_trap,
          minmay_crystal_water
Depths:3: minmay_outward_triangles, layout_basic, abyss_entry, hell_entry,
          chequers_serial_rivers_micro_e, minmay_staircase_bubble,
          grunt_megastairs_5
Depths:4: lemuel_castle_with_subvaults [lemuel_castle_interior_carwin_2],
          layout_gridlike, tso_metal_star,
          nicolae_abyss_entry_one_way_or_another,
          nicolae_hell_entry_hellmouth_sunbeams
Zot:1:    regret_index_qazlal_generations, layout_gridlike
Zot:2:    layout_misc_corridors, hellmonk_ghost_big_iron,
          hangedman_spider_trapstep
Zot:3:    lemuel_draconian_sentries_small, layout_gridlike
Zot:4:    layout_concentric_octagons, grunt_megastairs_1
Zot:5:    layout_gridlike

Skill      XL: |  1  2  3  4  5  6  7  8  9 10 11 12 13 14 15 16 17 18 19 20 21 22 23 24 25 26 27 |
---------------+----------------------------------------------------------------------------------+-----
Ranged Weapons | 4 5 6 8 10 12 14 16 17 18 20 22 | 22.0
Fighting       | 3 4 5 6 7 8 9 10 11 13 15 17 19 20 21 22 23 25 26 | 26.5
Dodging        | 2 3 4 5 6 7 8 10 11 13 14 16 17 18 19 20 21 22 | 22.0
Armour         | 1 4 6 7 8 9 10 12 13 14 15 | 15.0
Invocations    | 4 7 10 | 10.4
Stealth        | |  1.5

Action                     |  1- 3 |  4- 6 |  7- 9 | 10-12 | 13-15 | 16-18 | 19-21 | 22-24 | 25-27 || total
---------------------------+-------+-------+-------+-------+-------+-------+-------+-------+-------++-------
   Fire: Shortbow          |    20 |       |       |       |       |       |       |       |       ||    20
         Arbalest          |     8 |    61 |    98 |   197 |   549 |   578 |   924 |   983 |   179 ||  3577
         Triple crossbow   |       |       |       |       |       |       |       |       |  1029 ||  1029
 Invoke: Heroism           |       |       |     6 |    13 |    17 |    25 |    19 |    31 |    37 ||   148
         Finesse           |       |       |       |       |     8 |     5 |     9 |    20 |    10 ||    52
Ability: Spit Poison       |    19 |    24 |    33 |    26 |       |       |       |       |       ||   102
  Evoke: Wand              |       |       |       |       |       |       |       |       |     4 ||     4
    Use: Scroll            |     3 |     3 |    10 |     3 |     9 |     2 |       |     1 |     6 ||    37
         Potion            |     2 |     2 |     1 |       |     6 |     1 |     1 |     5 |    16 ||    34
 Armour: Leather armour    |     1 |     4 |    13 |    52 |   115 |    58 |    65 |       |       ||   308
         Ring mail         |       |     2 |       |       |       |       |    42 |   197 |   263 ||   504
  Dodge: Dodged            |     5 |     7 |     7 |    84 |   127 |   214 |   388 |   618 |   768 ||  2218

Table legend:
 A = Non-vault XP
 B = Vault XP
 C = Vault XP percentage of total XP
 D = Non-vault monster count
 E = Vault monster count
 F = Vault count percentage of total count
                 A         B        C        D         E       F
            +---------+---------+-------+---------+---------+-------
      Total |  689802 |  549563 |  44.3 |    1328 |     711 |  34.9
            +---------+---------+-------+---------+---------+-------
        D:1 |      34 |       0 |   0.0 |      19 |       0 |   0.0
        D:2 |     123 |      51 |  29.3 |      27 |       7 |  20.6
        D:3 |      78 |       0 |   0.0 |      14 |       0 |   0.0
        D:4 |     441 |      26 |   5.6 |      29 |       6 |  17.1
        D:5 |     491 |     379 |  43.6 |      19 |       3 |  13.6
        D:6 |    1001 |       0 |   0.0 |      18 |       0 |   0.0
        D:7 |    1208 |       0 |   0.0 |      23 |       0 |   0.0
        D:8 |    1651 |    1133 |  40.7 |      13 |       7 |  35.0
        D:9 |    1973 |       0 |   0.0 |      23 |       0 |   0.0
       D:10 |    1685 |       0 |   0.0 |      19 |       0 |   0.0
       D:11 |    4458 |     891 |  16.7 |      19 |       6 |  24.0
       D:12 |    8467 |    4201 |  33.2 |      40 |      11 |  21.6
       D:13 |    3115 |       0 |   0.0 |       8 |       0 |   0.0
       D:14 |   10783 |    7734 |  41.8 |      27 |      25 |  48.1
       D:15 |   15595 |    4141 |  21.0 |      37 |       8 |  17.8
     Lair:1 |    7417 |    1260 |  14.5 |      33 |       4 |  10.8
     Lair:2 |    7787 |    5959 |  43.4 |      32 |      33 |  50.8
     Lair:3 |    4542 |     247 |   5.2 |      19 |       1 |   5.0
     Lair:4 |   10219 |    1216 |  10.6 |      22 |       2 |   8.3
     Lair:5 |    7318 |   14430 |  66.4 |      23 |      38 |  62.3
   Shoals:1 |   10444 |       0 |   0.0 |      20 |       0 |   0.0
   Shoals:2 |    8992 |    4784 |  34.7 |      24 |       9 |  27.3
   Shoals:3 |   14167 |       0 |   0.0 |      29 |       0 |   0.0
   Shoals:4 |   16629 |   26437 |  61.4 |      28 |      42 |  60.0
    Snake:1 |    7308 |    1195 |  14.1 |      18 |       1 |   5.3
    Snake:2 |   25224 |       0 |   0.0 |      52 |       0 |   0.0
    Snake:3 |   16864 |    1279 |   7.0 |      29 |       1 |   3.3
    Snake:4 |   17822 |   16796 |  48.5 |      40 |      28 |  41.2
      Orc:1 |    9700 |    4419 |  31.3 |      44 |       7 |  13.7
      Orc:2 |    3041 |   15186 |  83.3 |      36 |      58 |  61.7
   Vaults:1 |   23671 |    7615 |  24.3 |      41 |      11 |  21.2
   Vaults:2 |   30963 |   12083 |  28.1 |      43 |      15 |  25.9
   Vaults:3 |   23733 |   11399 |  32.4 |      39 |      13 |  25.0
   Vaults:4 |   34283 |   26785 |  43.9 |      48 |      39 |  44.8
   Vaults:5 |   13723 |  103739 |  88.3 |      20 |      89 |  81.7
   Depths:1 |   29711 |   29983 |  50.2 |      34 |      54 |  61.4
   Depths:2 |   26691 |   17822 |  40.0 |      29 |      23 |  44.2
   Depths:3 |   31279 |   15679 |  33.4 |      42 |      12 |  22.2
   Depths:4 |   24433 |   73181 |  75.0 |      26 |      67 |  72.0
      Zot:1 |   74507 |   37907 |  33.7 |      65 |      31 |  32.3
      Zot:2 |   22174 |    6885 |  23.7 |      20 |      12 |  37.5
      Zot:3 |   35334 |    4629 |  11.6 |      30 |       4 |  11.8
      Zot:4 |   37033 |    7489 |  16.8 |      34 |       8 |  19.0
      Zot:5 |   36572 |   82603 |  69.3 |      30 |      36 |  54.5
    Abyss:4 |   27118 |       0 |   0.0 |      43 |       0 |   0.0
            +---------+---------+-------+---------+---------+-------
